 Dungeon Crawl Stone Soup version 0.30-a0-1018-g25214051b3 (webtiles) character file.

Game seed: 12311844557347152033

16367004 vishdafish the Petrodigitator (level 27, 249/249 HPs)
             Began as a Demonspawn Conjurer on Apr 6, 2023.
             Was the Champion of Vehumet.
             Escaped with the Orb
             ... and 15 runes on Apr 7, 2023!
             The game lasted 06:17:11 (98953 turns).

vishdafish the Petrodigitator (DsCj)               Turns: 98953, Time: 06:17:12

Health: 249/249    AC: 40    Str: 24    XL:     27
Magic:  51/54      EV: 33    Int: 40    God:    Vehumet [******]
Gold:   21744      SH: 36    Dex: 19    Spells: 3/80 levels left

rFire   + + .      SeeInvis +    o - +18 lance "Wyrmbane" {slay drac, rPois rF+ rC+ AC+3}
rCold   + + +      Faith    .    J - +10 tower shield of the Eight Boll Weevils {Regen+ rCorr}
rNeg    + + +      Spirit   +    L - quicksilver dragon scales of Hirelyb {Will+ Regen+ Dex+3}
rPois   ∞          Reflect  .    B - +2 hood of the Assassin {Detect Stab+ Stlth++}
rElec   +          Rampage  .    (cloak unavailable)
rCorr   +          Archmagi +    N - +2 pair of gloves {Dex+3}
Will    ++++.                    a - +2 pair of slick slippers {slick, slippery, EV+4}
Stlth   ++++                     F - macabre finger necklace {Finger+ rN+}
HPRegen 2.21/turn                G - ring of Wu Jian's Esteem {*Corrode rElec Str+6 Int+10 Stlth+}
MPRegen 0.68/turn                Y - ring of the Mage {Wiz Archmagi}
                                 y - ring of the Median {*Slow rCorr Str+8 Slay+4 SInv}

@: mighty, brilliant, lich-form, resistant, hasted, studying 6 skills, very
quick
A: draining attack, torment immunity, no potions, spiny 3, magic shield, magic
regeneration, magic link, black mark, sharp scales 3, bedeviling, aura of
silence, weakness stinger 3, wild magic 1
0: Orb of Zot
}: 15/15 runes: serpentine, barnacled, slimy, silver, golden, iron, obsidian,
icy, bone, abyssal, demonic, glowing, magical, fiery, dark
a: End Transformation, Renounce Religion


You escaped.
You worshipped Vehumet.
Vehumet was exalted by your worship.
You were an undead lich.
You visited 18 branches of the dungeon, and saw 85 of its levels.
You visited Pandemonium 1 time, and saw 21 of its levels.
You visited the Abyss 3 times.
You visited 1 bazaar.
You completed 4 ziggurats, and saw 108 of their levels.
You also visited: Trove, Sewer, Ice Cave and Volcano.

You collected 28198 gold pieces.
You spent 6454 gold pieces at shops.

Inventory:

Hand Weapons
 o - the +18 lance "Wyrmbane" (weapon) {slay drac, rPois rF+ rC+ AC+3}
   (You found it on level 2 of the Dungeon)

   AC:        It affects your AC (+3).
   rF:        It protects you from fire.
   rC:        It protects you from cold.
   rPois:     It protects you from poison.
 P - the +16 obsidian axe {drain, demonic, Mesm Drain Fly SInv}
   (You found it on level 8 of a ziggurat)

   Mesm:      Its wielder is mesmerised by any visible foes, and it cannot be
   unequipped while any foes are visible.
   SInv:      It lets you see invisible.
   Fly:       It grants you flight.
   Drain:     It drains your maximum health when unequipped.
 S - the +9 staff of Wucad Mu {*channel}
   (You found it on level 23 of a ziggurat)

   *Channel:  It often returns the magic spent to cast spells, but lowers their
   success rate.
   It always returns the magic spent on miscasts.
Missiles
 Q - 8 throwing nets
Armour
 a - the +2 pair of slick slippers (worn) {slick, slippery, EV+4}
   (You found it on level 18 of a ziggurat)

   Slick:     Its wearer cannot be constricted, engulfed, netted or webbed.
   Slippery:  It slips away from damaging melee attacks, pulling the attacker
   onward.
   EV:        It affects your evasion (+4).
 b - the +3 Mad Mage's Maulers {Infuse+∞ VampMP -Cast}
   (You found it on level 22 of a ziggurat)

   Infuse+∞: It empowers its wearer's blows with all of their magic.
   VampMP:    Blows struck in melee replenish the wearer's magic.
   -Cast:     It prevents spellcasting.
 B - the +2 hood of the Assassin (worn) {Detect Stab+ Stlth++}
   (You found it on level 18 of a ziggurat)

   Detect:    It allows the wearer to sense nearby creatures.
   Stab+:     It allows the wearer to make particularly effective stabbing
   attacks against helpless or unaware enemies with any weapon.
   Stlth:     It makes you much more stealthy.
 J - the +10 tower shield of the Eight Boll Weevils (worn) {Regen+ rCorr}
   (You found it on level 17 of a ziggurat)

   Regen:     It increases your rate of health regeneration.
   rCorr:     It protects you from acid and corrosion.
 L - the quicksilver dragon scales of Hirelyb (worn) {Will+ Regen+ Dex+3}
   (You found it on level 23 of a ziggurat)

   Dex:       It affects your dexterity (+3).
   Regen:     It increases your rate of health regeneration.
   Will:      It increases your willpower.
 N - a +2 pair of gloves of dexterity (worn)
Jewellery
 c - the ring "Ingau" {EV+5 Str+5 Stlth+}
   (You found it on level 3 of the Realm of Zot)

   [ring of evasion]

   EV:        It affects your evasion (+5).
   Str:       It affects your strength (+5).
   Stlth:     It makes you more stealthy.
 i - the amulet of the Four Winds {rN+ Will+++ Clar}
   (You found it on level 9 of a ziggurat)

   [amulet of nothing]

   rN:        It protects you from negative energy.
   Clar:      It protects you against confusion.
   Will:      It greatly increases your willpower.
 y - the ring of the Median (on amulet) {*Slow rCorr Str+8 Slay+4 SInv}
   (You found it on level 23 of a ziggurat)

   [ring of slaying]

   Str:       It affects your strength (+8).
   Slay:      It affects your accuracy & damage with ranged weapons and melee
   (+4).
   SInv:      It lets you see invisible.
   rCorr:     It protects you from acid and corrosion.
   *Slow:     It may slow you when you take damage.
 F - the macabre finger necklace (around neck) {Finger+ rN+}
   (You found it on level 25 of a ziggurat)

   [amulet of nothing]

   Finger+:   It enables you to equip an extra ring.
   rN:        It protects you from negative energy.
 G - the ring of Wu Jian's Esteem (left hand) {*Corrode rElec Str+6 Int+10 Stlth+}
   (You found it on level 12 of a ziggurat)

   [ring of strength]

   Str:       It affects your strength (+6).
   Int:       It affects your intelligence (+10).
   rElec:     It insulates you from electricity.
   *Corrode:  It may corrode you when you take damage.
   Stlth:     It makes you more stealthy.
 Y - the ring of the Mage (right hand) {Wiz Archmagi}
   (You found it on level 3 of the Tomb of the Ancients)

   [ring of wizardry]

   It improves your spell success rate.
   Archmagi:  It increases the power of your magical spells.
Wands
 j - a wand of digging (26)
Scrolls
 e - 15 scrolls of torment
 h - 78 scrolls of enchant weapon
 k - 45 scrolls of magic mapping
 l - 14 scrolls of brand weapon
 t - 78 scrolls of fog
 u - 25 scrolls of vulnerability
 A - 96 scrolls of teleportation
 D - 29 scrolls of immolation
 E - 43 scrolls of silence
 I - 21 scrolls of fear
 K - 32 scrolls of blinking
 O - 41 scrolls of enchant armour
 X - 37 scrolls of amnesia
 Z - 9 scrolls of butterflies
Potions
 f - 7 potions of ambrosia
 g - 40 potions of curing
 p - 23 potions of lignification
 q - 47 potions of heal wounds
 s - 76 potions of mutation
 v - 12 potions of invisibility
 w - 23 potions of attraction
 x - 17 potions of might
 z - 18 potions of haste
 C - 13 potions of brilliance
 M - 10 potions of flight
 R - 13 potions of berserk rage
 T - 9 potions of magic
 U - 22 potions of cancellation
 W - 7 potions of resistance
Miscellaneous
 r - 2 +4 figurines of a ziggurat


   Skills:
 O Level 27 Fighting
 - Level 0.1(18.0) Short Blades
 O Level 27 Long Blades
 - Level 22.0(27) Axes
 - Level 1.8(14.7) Maces & Flails
 O Level 27 Polearms
 - Level 1.6(18.1) Staves
 + Level 18.0 Throwing
 O Level 27 Armour
 O Level 27 Dodging
 O Level 27 Stealth
 O Level 27 Shields
 - Level 0.3 Unarmed Combat
 O Level 27 Spellcasting
 O Level 27 Conjurations
 - Level 6.0 Hexes
 - Level 20.0 Necromancy
 - Level 5.4 Translocations
 - Level 19.1 Transmutations
 O Level 27 Fire Magic
 O Level 27 Air Magic
 O Level 27 Earth Magic
 O Level 27 Evocations


You had 3 spell levels left.
You knew the following spells:

 Your Spells              Type           Power      Damage    Failure   Level
a - Magic Dart            Conj           100%       1d8       1%          1
b - Fulminant Prism       Conj/Hex       100%       3d40      1%          4
c - Iskenderun's Mystic   Conj/Tloc      100%       2d19      1%          4
d - Statue Form           Tmut/Erth      100%       N/A       1%          6
e - Iron Shot             Conj/Erth      100%       9d18      1%          6
f - Shatter               Erth           100%       3d71*     1%          9
g - Borgnjor's Vile Clut  Necr/Erth      100%       N/A       1%          5
h - Necromutation         Tmut/Necr      100%       N/A       1%          8
i - Fire Storm            Conj/Fire      100%       8d25      1%          9
j - Ignition              Fire           100%       3d25      1%          8
k - Chain Lightning       Conj/Air       100%       3d133     1%          9
l - Lehudib's Crystal Sp  Conj/Erth      100%       10d22     1%          8

Your spell library contained the following spells:

 Spells                   Type           Power      Damage    Failure   Level
 Apportation              Tloc           100%       N/A       1%          1
 Beastly Appendage        Tmut           100%       N/A       1%          1
 Foxfire                  Conj/Fire      100%       2x1d9     1%          1
 Freeze                   Ice            100%       1d10      1%          1
 Kiss of Death            Conj/Necr      100%       2d13      1%          1
 Necrotise                Necr           100%       1d9       1%          1
 Sandblast                Erth           100%       2d20      1%          1
 Shock                    Conj/Air       100%       1d9       1%          1
 Slow                     Hex            100%       N/A       1%          1
 Sting                    Tmut/Pois      100%       1d8       1%          1
 Summon Small Mammal      Summ           100%       N/A       1%          1
 Blink                    Tloc           100%       N/A       1%          2
 Call Imp                 Summ           100%       N/A       1%          2
 Cigotuvi's Dreadful Rot  Necr/Pois/Air  100%       N/A       1%          2
 Ensorcelled Hibernation  Hex/Ice        100%       N/A       1%          2
 Lesser Beckoning         Tloc           100%       N/A       1%          2
 Momentum Strike          Conj/Tloc      100%       3d10      1%          2
 Passwall                 Tmut/Erth      100%       N/A       1%          2
 Poisonous Vapours        Pois/Air       100%       N/A       1%          2
 Scorch                   Fire           100%       2d9       1%          2
 Searing Ray              Conj           100%       2d8       1%          2
 Static Discharge         Conj/Air       100%       2-7/arc   1%          2
 Sublimation of Blood     Necr           100%       N/A       1%          2
 Wereblood                Tmut           100%       N/A       1%          2
 Call Canine Familiar     Summ           100%       N/A       1%          3
 Confusing Touch          Hex            100%       N/A       1%          3
 Dazzling Flash           Conj/Hex       100%       N/A       1%          3
 Frozen Ramparts          Ice            100%       1d16      1%          3
 Gell's Gravitas          Tloc           100%       N/A       1%          3
 Hailstorm                Conj/Ice       100%       3d20      1%          3
 Ignite Poison            Fire/Tmut/Pois 100%       N/A       1%          3
 Inner Flame              Hex/Fire       100%       N/A       1%          3
 Mephitic Cloud           Conj/Pois/Air  100%       N/A       1%          3
 Ozocubu's Armour         Ice            100%       N/A       1%          3
 Portal Projectile        Hex/Tloc       100%       N/A       1%          3
 Spider Form              Tmut/Pois      100%       N/A       1%          3
 Stone Arrow              Conj/Erth      100%       3d13      1%          3
 Summon Guardian Golem    Hex/Summ       100%       N/A       1%          3
 Swiftness                Air            100%       N/A       1%          3
 Teleport Other           Tloc           100%       N/A       1%          3
 Tukima's Dance           Hex            100%       N/A       1%          3
 Vampiric Draining        Necr           100%       2d13      1%          3
 Vhi's Electric Charge    Tloc/Air       100%       N/A       1%          3
 Volatile Blastmotes      Fire/Tloc      100%       2d18      1%          3
 Airstrike                Air            100%       2d(15-31) 1%          4
 Anguish                  Hex/Necr       97%        N/A       1%          4
 Animate Armour           Summ/Erth      100%       N/A       1%          4
 Animate Dead             Necr           100%       N/A       1%          4
 Cause Fear               Hex            83%        N/A       1%          4
 Dispel Undead            Necr           100%       3d31      1%          4
 Flame Wave               Conj/Fire      100%       2d21      1%          4
 Ice Form                 Ice/Tmut       100%       N/A       1%          4
 Leda's Liquefaction      Hex/Erth       100%       N/A       1%          4
 Manifold Assault         Tloc           100%       N/A       1%          4
 Olgreb's Toxic Radiance  Pois           100%       N/A       1%          4
 Passage of Golubria      Tloc           100%       N/A       1%          4
 Petrify                  Tmut/Erth      100%       N/A       1%          4
 Sticky Flame             Conj/Fire      100%       2d11      1%          4
 Summon Lightning Spire   Summ/Air       100%       N/A       1%          4
 Agony                    Necr           100%       N/A       1%          5
 Alistair's Intoxication  Tmut/Pois      100%       N/A       1%          5
 Arcjolt                  Conj/Air       100%       1d110     1%          5
 Blade Hands              Tmut           92%        N/A       1%          5
 Fireball                 Conj/Fire      100%       3d36      1%          5
 Freezing Cloud           Conj/Ice/Air   91%        6-21      1%          5
 Irradiate                Conj/Tmut      97%        3d44      1%          5
 Iskenderun's Battlesphe  Conj           100%       2d15      1%          5
 Lee's Rapid Deconstruct  Erth           100%       3d44*     1%          5
 Silence                  Hex/Air        100%       N/A       1%          5
 Yara's Violent Unravell  Hex/Tmut       96%        3d35      1%          5
 Conjure Ball Lightning   Conj/Air       100%       3x3d38    1%          6
 Death Channel            Necr           100%       N/A       1%          6
 Eringya's Noxious Bog    Tmut/Pois      77%        N/A       1%          6
 Plasma Beam              Fire/Air       100%       2x1d131   1%          6
 Simulacrum               Ice/Necr       91%        N/A       1%          6
 Starburst                Conj/Fire      100%       6d25      1%          6
 Dragon Form              Tmut           92%        N/A       1%          7
 Orb of Destruction       Conj           100%       9d21      1%          7
 Spellforged Servitor     Conj/Summ      84%        N/A       1%          7
 Storm Form               Tmut/Air       97%        N/A       1%          7
 Borgnjor's Revivificati  Necr           100%       N/A       1%          8
 Infestation              Necr           100%       N/A       1%          8
 Maxwell's Capacitive Co  Air            100%       ∞         1%          8
 Summon Ice Beast         Ice/Summ       100%       N/A       2%          4
 Metabolic Englaciation   Hex/Ice        74%        N/A       2%          5
 Summon Forest            Summ/Tloc      61%        N/A       2%          5
 Summon Mana Viper        Hex/Summ       100%       N/A       2%          5
 Haunt                    Necr/Summ      91%        N/A       3%          7
 Dispersal                Tloc           68%        N/A       4%          6
 Death's Door             Necr           100%       N/A       6%          9
 Enfeeble                 Hex            83%        N/A       14%         7
 Summon Cactus Giant      Summ           51%        N/A       28%         6
 Ozocubu's Refrigeration  Ice            51%        4d18      34%         7
 Malign Gateway           Summ/Tloc      61%        N/A       45%         7
 Discord                  Hex            83%        N/A       65%         8
 Disjunction              Tloc           68%        N/A       73%         8
 Monstrous Menagerie      Summ           51%        N/A       78%         7
 Summon Hydra             Summ           51%        N/A       78%         7
 Summon Horrible Things   Summ           51%        N/A       100%        8
 Dragon's Call            Summ           51%        N/A       100%        9
 Polar Vortex             Ice            51%        N/A       100%        9


Dungeon Overview and Level Annotations

Branches:
Dungeon (15/15)            Temple (1/1) D:4            Lair (5/5) D:11
 Shoals (4/4) Lair:3        Snake (4/4) Lair:2        Slime (5/5) Lair:4
    Orc (2/2) D:10            Elf (3/3) Orc:2        Vaults (5/5) D:14
  Crypt (3/3) Vaults:3       Tomb (3/3) Crypt:3      Depths (4/4) D:15
   Hell (visited)             Dis (7/7) Hell            Geh (7/7) Hell
    Coc (7/7) Hell            Tar (7/7) Hell            Zot (5/5) Depths:4
  Sewer (visited)           IceCv (visited)         Volcano (visited)

Altars:
Ashenzari
Cheibriados
Dithmenos
Fedhas
Gozag
Hepliaklqana
Kikubaaqudgha
Makhleb
Nemelex Xobeh
Okawaru
Qazlal
Ru
Sif Muna
Trog
Uskayaw
Vehumet
Wu Jian
Xom
Yredelemnul
Jiyva

Shops:
D:7 !*   Orc:2 (*[==   Elf:1 ?   Elf:3 (   Shoals:2 :   Shoals:3 !   Snake:3 :
Snake:4 [=   Vaults:1 :   Vaults:3 !   Depths:1 :

Portals:
Hell: Depths:1 Depths:2 Depths:3 Depths:4
Abyss: Depths:3 Depths:4
Pandemonium: Depths:1 Depths:2 Depths:3

Annotations:
Vaults:3 1 transporter
Zot:4 1 transporter


Innate Abilities, Weirdness & Mutations

You are an undead lich.
Your unarmed attacks are suffused with negative energy.
You are immune to unholy pain and torment.
Your necromantic spells are more powerful.
You cannot drink.
You are immune to poison.
You are completely covered in sharp spines.
When hurt, damage is shared between your health and your magic reserves.
You regenerate magic rapidly.
When low on magic, you restore magic in place of health.
Your melee attacks may debilitate your foes.
You are completely covered in razor-sharp scales. (AC +3, Slay +3)
Your hexes are more powerful.
You are surrounded by an aura of silence.
You have a sharp stinger which inflicts weakening toxins.
Your spells are a little harder to cast, but a little more powerful.


Message History

You feel a surge of power!
The dungeon rumbles!
You kill the hellwing!
Vehumet accepts your kill.
You feel your power returning.
Ka-crash!
You feel a surge of power!
The dungeon rumbles!
Ka-crash!
(D) Dungeon (T) Temple (L) Lair (A) Shoals (P) Snake Pit (M) Slime Pits (O) Orcish Mines (E) Elven Halls (V) Vaults (C) Crypt (W) Tomb (U) Depths (H) Hell (I) Dis (G) Gehenna (X) Cocytus (Y) Tartarus (Z) Zot
Where to? (Enter - D:1, ? - help)
There is a stone staircase leading up here.
You climb upwards.
There is a stone staircase leading down here.
(D) Dungeon (T) Temple (L) Lair (A) Shoals (P) Snake Pit (M) Slime Pits (O) Orcish Mines (E) Elven Halls (V) Vaults (C) Crypt (W) Tomb (U) Depths (H) Hell (I) Dis (G) Gehenna (X) Cocytus (Y) Tartarus (Z) Zot
Where to? (Enter - D:1, ? - help)
Okay, then.
There is an open door here.
There is an open door here.
There is a staircase leading out of the dungeon here.
Casting: Shatter (mildly dangerous; 1% risk of failure)
Confirm with . or Enter, or press ? or * to list all spells.
Okay, then.
You feel very mighty all of a sudden.
You feel yourself speed up.
You feel clever all of a sudden.
You feel protected.
Casting: Shatter (mildly dangerous; 1% risk of failure)
Confirm with . or Enter, or press ? or * to list all spells.
You feel a strong surge of power!
Your body is suffused with negative energy!
You cannot drink potions in your current state!
You have escaped!

###.......# ####.# ##..
###.##### #....# ##. #.#
#.##.# #. #.# #####'##### #.
#.# #.........###### #. #.#
#.........#....# #.
#.#####..⌠...⌠..####.######.
#.....#.........#...........
#####.'....L....'.##.#######
###.........#....#
#..⌠...⌠..###### #.........#
##########.........###########
#..(.....#####'#####.........#
#.######..# #.#..##.#######.#
#.# #..# ##....##.##### #.##
#.#
####..###............###.#.


There were no monsters in sight!

Vanquished Creatures
  Cerebov (Pan)
  Antaeus (Coc:7)
  Asmodeus (Geh:7)
  the Royal Jelly (Slime:5)
  Ereshkigal (Tar:7)
  Ignacio (Pan)
  Gloorx Vloq (Pan)
  Lom Lobon (Pan)
  the Serpent of Hell (Coc:7)
  Mnoleg (Pan)
  Dispater (Dis:7)
  3 orbs of fire (Zot:5)
  23 dread liches
  38 ancient liches
  Khufu (Crypt:2)
  The ghost of Zuol the Slayer, a legendary DsDe of Nemelex Xobeh (Zot:3)
  The ghost of Monuoraozee the Executioner, a legendary GnTm of Cheibriados (Zot:3)
  Sojobo (Crypt:1)
  33 royal mummies
  21 juggernauts
  Josephina (Depths:3)
  23 pandemonium lords
  38 shard shrikes
  Frederick (Crypt:1)
  Vashnia (Snake:4)
  20 Killer Klowns
  2 curse toes
  58 caustic shrikes
  Saint Roka (Depths:3)
  Geryon (Hell)
  50 golden dragons
  13 pearl dragons
  40 bone dragons
  15 profane servitors
  19 electric golems
  20 doom hounds
  2 spectral shard shrikes
  45 Brimstone Fiends
  33 Tzitzimimeh
  36 hellephants
  41 iron giants
  The ghost of UltrafastDeath the Ogre Mage, an adept OgIE of Uskayaw (Shoals:1)
  20 tainted leviathans
  The ghost of qborf the Ruinous, an adept MeCj of Vehumet (Snake:4)
  Jorgrun (Snake:1)
  2 walking earthen tomes
  47 tentacled monstrosities
  99 Ice Fiends
  2 walking crystal tomes
  51 liches
  77 Hell Sentinels
  43 deep elf blademasters
  47 searing wretches
  29 Orb Guardians
  A walking frostbound tome (Zig:18)
  38 deep elf master archers
  Asterion (Elf:1)
  45 acid blobs
  50 Executioners
  A quicksilver dragon (shapeshifter) (Zig:10)
  3 krakens
  40 quicksilver dragons
  A sphinx (shapeshifter) (Zig:9)
  Murray (Hell)
  59 ancient champions
  Polyphemus (Shoals:4)
  62 titans
  22 sphinxes
  7 death cobs
  An eldritch tentacle (Pan)
  37 storm dragons
  34 tengu reavers
  Roxanne (D:14)
  Kirke (D:13)
  Agnes (D:14)
  45 azure jellies
  42 draconian monks
  A thorn hunter (Zig:18)
  37 tentacled starspawn
  A shadow dragon (shapeshifter) (Zig:11)
  80 nagarajas
  23 rockslimes
  Ilsuiw (Shoals:3)
  9 daevas
  30 revenants
  30 shadow dragons
  42 demonspawn warmongers
  A fenstrider witch (shapeshifter) (Zig:10)
  68 draconian knights
  54 iron dragons
  54 frost giants
  3 fenstrider witches
  A frost giant (shapeshifter) (Zig:11)
  41 quicksilver elementals
  Aizul (Elf:3)
  26 vault wardens
  36 fire giants
  56 narguns
  16 ghouls
  39 deep elf sorcerers
  40 draconian scorchers
  57 ghost moths
  3 shard shrike simulacra
  87 balrugs
  19 curse skulls
  28 draconian stormcallers
  20 emperor scorpions
  41 very ugly things
  3 spectral caustic shrikes
  8 deep elf elementalists
  28 ironbound preservers
  10 broodmothers
  4 angels
  65 draconian annihilators
  32 draconian shifters
  41 reapers
  4 ophanim (Zig:8)
  56 demonspawn corrupters
  20 orc warlords
  52 cacodemons
  52 demonspawn blood saints
  22 quicksilver oozes
  2 juggernaut skeletons
  61 war gargoyles
  A stone giant (shapeshifter) (Zig:9)
  3 apis (Zig:8)
  13 eleionomae
  66 stone giants
  3 ironbound thunderhulks
  21 green draconians
  10 bennus
  27 lorocyprocas
  Nessos (Lair:3)
  40 deep elf demonologists
  23 elemental wellsprings
  40 wendigos
  25 white draconians
  35 yellow draconians
  29 black draconians
  27 red draconians
  26 putrid mouths
  16 spark wasps
  20 vampire knights
  38 demonspawn black suns
  9 dire elephants
  24 purple draconians
  2 bunyips (shapeshifter)
  2 spectral titans
  53 deep elf annihilators
  65 iron golems
  18 ettins
  30 eidola
  67 blizzard demons
  12 bunyips
  55 merfolk javelineers
  22 deep elf death magi
  35 fire dragons
  45 merfolk impalers
  The ghost of hackum the Grappler, a journeyman TrFi of Okawaru (Lair:1)
  2 spectral iron giants
  12 crystal guardians
  49 deep elf high priests
  53 green deaths
  10 jiangshi
  A spectral golden dragon (Tar:2)
  21 shambling mangroves
  59 entropy weavers
  5 spectral spriggans
  A quicksilver dragon zombie (Crypt:1)
  8 caustic shrike simulacra
  28 mummy priests
  30 great orbs of eyes
  23 yaktaur captains
  9 rakshasas
  2 spriggan zombies
  12 ironbound frosthearts
  62 hydras
  55 ice dragons
  2 peacekeepers (Vaults:3)
  13 ogre magi
  A quicksilver dragon skeleton (Zig:2)
  45 vault guards
  39 spriggan air magi
  74 salamander tyrants
  12 alligator snapping turtles
  5 ghost crabs
  4 jorogumos
  32 hell beasts
  A spectral draconian (Tar:1)
  28 centaur warriors
  An anaconda (shapeshifter) (Zig:7)
  14 anacondas
  An alligator snapping turtle (shapeshifter) (Zig:14)
  2 fenstrider witch zombies (Crypt:1)
  A catoblepas (shapeshifter) (Zig:14)
  8 juggernaut simulacra
  13 radroaches
  A boulder beetle (shapeshifter) (Zig:9)
  4 catoblepae
  4 spriggan skeletons
  9 deep troll shamans
  17 two-headed ogres
  10 alligators
  11 merfolk avatars
  97 death scarabs
  12 stokers
  7 tengu warriors
  Erica (D:11)
  24 naga warriors
  30 boulder beetles
  73 merfolk aquamancers
  6 death yaks
  A two-headed ogre (shapeshifter) (Zig:11)
  14 satyrs
  9 deep troll earth magi
  25 orc high priests
  23 hell hogs
  85 dancing weapons
  2 spectral dire elephants
  40 thrashing horrors
  23 vampire magi
  8 spriggans
  A shock serpent (shapeshifter) (Zig:7)
  35 shock serpents
  Urug (Lair:5)
  An emperor scorpion zombie (Crypt:1)
  46 naga sharpshooters
  2 spriggan berserkers
  54 deep elf knights
  A fire crab (shapeshifter) (Zig:22)
  84 sun demons
  61 soul eaters
  50 wretched stars
  11 hell knights
  5 sun moths
  Amaemon (Lair:3)
  8 skysharks
  A spectral minotaur (Tar:1)
  40 crystal echidnas
  40 sixfirhies
  18 iron trolls
  A titan skeleton (Tomb:2)
  30 shadow wraiths
  An iron troll (shapeshifter) (Zig:11)
  A spectral bunyip (Tar:2)
  23 pharaoh ants
  16 salamander mystics
  57 skeletal warriors
  2 spectral anacondas
  7 goliath frogs
  9 spatial maelstroms
  43 sea snakes
  75 deep trolls
  A goliath frog (shapeshifter) (Zig:24)
  A storm dragon skeleton (Zig:5)
  7 quicksilver dragon simulacra
  Lodul (D:13)
  3 cherubim
  A bunyip zombie (Crypt:1)
  2 anaconda zombies
  40 death drakes
  9 spriggan simulacra
  27 shadow demons
  66 swamp dragons
  A kraken simulacrum (Hell)
  9 bog bodies
  14 glowing orange brains
  18 flayed ghosts
  A sphinx zombie (Zig:5)
  A spectral hydra (Tar:5)
  An anaconda skeleton (Crypt:3)
  37 orb spiders
  9 obsidian statues
  30 wizards
  A tengu zombie (Vaults:1)
  2 bunyip skeletons (Crypt:3)
  A steelbarb worm (shapeshifter) (Vaults:5)
  A golden dragon skeleton (Pan)
  14 spriggan druids
  An orb spider (shapeshifter) (Zig:22)
  2 lindwurms (shapeshifter)
  63 starcursed masses
  23 ironbound convokers
  39 deep elf archers
  10 orange crystal statues
  22 steelbarb worms
  17 mana vipers
  A broodmother zombie (Crypt:2)
  69 deep elf zephyrmancers
  A spectral iron dragon (Tar:1)
  Pikel (D:9)
  20 phantasmal warriors
  18 necromancers
  12 lindwurms
  15 naga ritualists
  A goliath frog zombie (Crypt:3)
  70 deep elf pyromancers
  A tengu skeleton (Zig:5)
  76 harpies
  A shining eye (shapeshifter) (Vaults:2)
  3 spectral ettins
  A mana viper (shapeshifter) (Zig:22)
  27 wolf spiders
  2 salamanders (shapeshifter) (Vaults:2)
  24 orc knights
  28 orc sorcerers
  85 ugly things
  2 cyclopes (shapeshifter)
  32 cyclopes
  A faun (shapeshifter) (Zig:11)
  A frost giant skeleton (Crypt:3)
  33 manticores
  A spectral shock serpent (Snake:4)
  24 fauns
  13 will-o-the-wisps
  33 shining eyes
  7 worldbinders
  A fire giant skeleton (Zig:5)
  A shadow dragon skeleton (Crypt:3)
  3 spectral centaurs
  A dire elephant zombie (Crypt:2)
  13 salamanders
  A goliath frog skeleton (Crypt:1)
  16 guardian serpents
  A stone giant skeleton (Crypt:3)
  3 water nymphs (shapeshifter)
  19 vault sentinels
  15 elephants
  63 moths of wrath
  A toenail golem (Depths:4)
  21 merfolk sirens
  2 torpor snails (shapeshifter)
  An eleionoma skeleton (Crypt:2)
  An iron dragon skeleton (Crypt:3)
  An elephant (shapeshifter) (Depths:2)
  23 apocalypse crabs
  17 ice statues
  72 black mambas
  71 water nymphs
  49 torpor snails
  8 rust devils
  88 smoke demons
  8 titan simulacra
  3 storm dragon simulacra
  40 naga magi
  43 demonic crawlers
  A shock serpent zombie (Crypt:2)
  18 cane toads
  37 orange demons
  4 human zombies
  9 molten gargoyles
  17 eyes of devastation
  2 dire elephant skeletons (Crypt:3)
  11 gargoyles
  63 hellions
  6 naga skeletons
  A swamp worm zombie (Crypt:2)
  A cane toad (shapeshifter) (Zig:24)
  An elephant slug zombie (Crypt:2)
  11 komodo dragons
  A death yak zombie (Crypt:2)
  5 efreet
  3 unseen horrors
  53 rime drakes
  2 rime drakes (shapeshifter) (Zig:24)
  19 freezing wraiths
  33 yaktaurs
  A sea snake zombie (Crypt:3)
  67 guardian mummies
  A yaktaur (shapeshifter) (Vaults:2)
  4 anaconda simulacra
  25 ice devils
  6 red devils
  A bunyip simulacrum (Coc:2)
  54 tormentors
  47 hellwings
  33 ancient zymes
  An iron giant simulacrum (Coc:3)
  159 merfolk
  A grey draconian skeleton (Crypt:3)
  A merfolk (shapeshifter) (Zig:7)
  A silent spectre (Tar:6)
  2 tengu conjurers
  3 golden dragon simulacra
  A black draconian skeleton (Crypt:3)
  2 spectral harpies
  A shadow dragon simulacrum (Zig:23)
  2 polar bears (shapeshifter)
  12 tyrant leeches
  37 trolls
  A harpy zombie (Crypt:2)
  8 bloated husks
  A tengu simulacrum (Depths:3)
  A hornet (shapeshifter) (Zig:24)
  3 meliai
  A sea snake skeleton (Hell)
  30 polar bears
  A wind drake (shapeshifter) (Zig:22)
  2 tarantellas (shapeshifter)
  A tyrant leech (shapeshifter) (Zig:22)
  3 hydra zombies (Hell)
  34 hornets
  34 wind drakes
  13 tarantellas
  2 hydra skeletons
  4 iron dragon simulacra
  30 raiju
  17 dream sheep
  A sphinx simulacrum (Zig:15)
  30 blink frogs
  4 harpy skeletons
  46 flying skulls
  An alligator zombie (Hell)
  A jumping spider (shapeshifter) (Zig:14)
  39 snapping turtles
  103 slime creatures
  A spectral black mamba (Snake:4)
  A stone giant simulacrum (Coc:4)
  3 centaur simulacra
  10 culicivoras
  2 slime creatures (shapeshifter)
  21 jumping spiders
  6 shadows
  9 dire elephant simulacra
  40 ynoxinuls
  71 water elementals
  21 air elementals
  18 wyverns
  11 ushabtiu
  72 yaks
  8 wraiths
  3 fire bats (Lair:2)
  A fire dragon skeleton (Crypt:1)
  9 basilisks
  27 fire elementals
  4 hogs (D:13)
  A spectral salamander (Snake:4)
  5 spectral nagas
  115 large abominations
  22 golden eyes
  A redback (shapeshifter) (Zig:14)
  46 neqoxecs
  20 steam dragons
  19 redbacks
  28 chaos spawn
  A yaktaur simulacrum (Vaults:1)
  3 alligator snapping turtle simulacra
  20 wargs
  5 harpy simulacra
  6 vampire mosquitoes
  54 nagas
  22 acid dragons
  A glowing shapeshifter zombie (Zig:1)
  3 hydra simulacra
  A warg (shapeshifter) (Vaults:5)
  16 water moccasins
  A floating eye (shapeshifter) (Zig:8)
  An acid dragon (shapeshifter) (Vaults:5)
  18 floating eyes
  A water moccasin (shapeshifter) (Elf:3)
  4 hell hounds
  A black bear (shapeshifter) (Elf:3)
  18 swamp drakes
  15 ice beasts
  4 sky beasts
  115 orc warriors
  5 black bears
  5 ettin simulacra
  A fire dragon simulacrum (Coc:1)
  2 black mamba simulacra
  An ice beast (shapeshifter) (Vaults:5)
  4 wolves
  12 centaurs
  66 ogres
  3 phantoms
  Blork the orc (Orc:2)
  11 bullfrogs
  4 necrophages
  3 kobold brigands
  A vine stalker zombie (Crypt:1)
  5 gnoll sergeants
  A salamander skeleton (Crypt:2)
  A yaktaur skeleton (Crypt:1)
  19 earth elementals
  An elf skeleton (Crypt:1)
  5 scorpions
  8 wights
  2 troll zombies (D:10)
  6 killer bees (D:10)
  9 howler monkeys
  8 electric eels
  A crimson imp (D:10)
  A wolf skeleton (Crypt:3)
  8 lava snakes
  32 orc priests
  4 centaur skeletons
  6 jellies
  2 sleepcaps
  2 gnoll boudas
  6 hounds
  An iron imp (Pan)
  3 human skeletons (Crypt:1)
  4 hell rats (Hell)
  5 iguanas
  26 orc wizards
  6 naga simulacra
  6 small abominations
  4 ogre zombies (D:10)
  86 mummies
  21 gnolls
  13 adders
  8 river rats (Sewer)
  A shadow imp (D:5)
  5 white imps
  5 ufetubi
  An adder zombie (Crypt:3)
  2 iguana zombies (Crypt:1)
  An adder skeleton (Crypt:1)
  2 worms
  A dart slug (D:4)
  64 orcs
  11 ball pythons
  A bat (D:1)
  9 endoplasms
  3 giant cockroaches
  4 goblins
  7 hobgoblins
  5 jackals
  29 kobolds
  3 quokkas
  4 frilled lizards
  2 goblin skeletons
  3 goblin zombies (D:10)
  3 hobgoblin zombies (D:10)
  6 orc skeletons
  7 orc zombies (D:10)
  28 rats
  A rat zombie (Crypt:1)
  2 ball lightnings (Pan)
  4 creeping infernos
  2 demonic plants (Pan)
  26 fire vortices
  32 lost souls (Zig:27)
  A lurking horror (Abyss:4)
  4 plants (Zig:11)
  14 starspawn tentacles
  3 tentacles
10280 creatures vanquished.

Vanquished Creatures (collateral kills)
  A caustic shrike (Depths:3)
  A bone dragon (Tar:1)
  2 Tzitzimimeh
  2 Ice Fiends
  An acid blob (Zig:25)
  A nargun (Zig:23)
  A frost giant (Zig:23)
  A rockslime (Slime:5)
  A vault warden (Vaults:2)
  A demonspawn corrupter (Zig:9)
  A demonspawn black sun (Zig:21)
  A blizzard demon (Pan)
  A soul eater (Zig:21)
  A harpy (shapeshifter) (Vaults:2)
  A hellion (Zig:21)
17 creatures vanquished.

Vanquished Creatures (others)
  A pandemonium lord (Zig:14)
  2 eldritch tentacles
  A tengu reaver (Zig:17)
  2 draconian knights
  2 shard shrike simulacra
  A green death (Zig:19)
  A rakshasa (Pan)
  A juggernaut simulacrum (Zig:23)
  A deep elf knight (Elf:3)
  A spriggan druid (Zig:19)
  A deep elf archer (Zig:24)
  3 deep elf zephyrmancers
  2 deep elf pyromancers
  A salamander (Snake:3)
  A will-o-the-wisp (Zig:19)
  3 smoke demons (Pan)
  A hellion (Dis:6)
  An anaconda simulacrum (Coc:2)
  A hellwing (Pan)
  2 hornets (Zig:7)
  2 spriggans
  4 water elementals
  A dire elephant simulacrum (Coc:3)
  A golden eye (Pan)
  A neqoxec (Pan)
  4 ball lightnings (Pan)
  2 demonic plants (Pan)
  421 fire vortices
  6 foxfires (Zig:12)
  75 fulminant prisms
  12 fungi
  70 plants
  9 starspawn tentacles
  14 tentacles
651 creatures vanquished.

Grand Total: 10948 creatures vanquished

Notes
Turn   | Place    | Note
-------+----------+-------------------------------------------
     0 | D:1      | vishdafish the Demonspawn Conjurer began the quest for the
                  | Orb.
     0 | D:1      | Reached XP level 1. HP: 13/13 MP: 3/3
   292 | D:1      | Gained mutation: You are partially covered in razor-sharp
                  | scales. (AC +1, Slay +1) [demonic ancestry]
   292 | D:1      | Reached XP level 2. HP: 19/19 MP: 0/5
  1003 | D:1      | Gained mutation: You are mostly covered in razor-sharp
                  | scales. (AC +2, Slay +2) [demonic ancestry]
  1003 | D:1      | Reached XP level 3. HP: 24/24 MP: 7/7
  1363 | D:2      | Found the +8 lance "Wyrmbane" {slay drac, rPois rF+ rC+
                  | AC+3}
  1396 | D:2      | Found a faded altar of an unknown god.
  1765 | D:3      | Reached skill level 1 in Polearms
  2036 | D:4      | Gained mutation: You have a small tail. [demonic ancestry]
  2036 | D:4      | Reached XP level 4. HP: 30/30 MP: 8/8
  2117 | D:5      | Entered Level 5 of the Dungeon
  2121 | D:5      | Noticed an ogre
  2122 | D:5      | Reached XP level 5. HP: 11/35 MP: 9/9
  2123 | D:5      | Noticed a phantom
  2125 | D:5      | Gained mutation: Your spells are a little harder to cast,
                  | but a little more powerful. [potion of mutation]
  2125 | D:5      | Gained mutation: Your muscles are strong. (Str +4, Int/Dex
                  | -1) [potion of mutation]
  2129 | D:5      | Killed an ogre
  2134 | D:5      | Killed a phantom
  2135 | D:5      | Reached XP level 6. HP: 16/41 MP: 8/10
  2348 | D:3      | Reached skill level 5 in Polearms
  2950 | D:4      | Gained mutation: You regenerate magic rapidly. [demonic
                  | ancestry]
  2950 | D:4      | Reached XP level 7. HP: 42/46 MP: 11/11
  2983 | D:4      | Found a staircase to the Ecumenical Temple.
  2990 | Temple   | Entered the Ecumenical Temple
  3103 | Temple   | Became a worshipper of Vehumet
  4200 | D:5      | Found a shimmering blue altar of Sif Muna.
  4330 | D:5      | Reached XP level 8. HP: 52/52 MP: 12/12
  4676 | D:6      | Found a glowing drain.
  4692 | Sewer    | Entered a sewer
  4740 | Sewer    | Reached * piety under Vehumet
  4740 | Sewer    | Offered knowledge of Foxfire by Vehumet.
  4996 | Sewer    | Reached ** piety under Vehumet
  4996 | Sewer    | Offered knowledge of Static Discharge by Vehumet.
  5564 | D:6      | Reached skill level 10 in Polearms
  5727 | D:7      | Noticed a +0 dagger
  5727 | D:7      | Noticed a +0 short sword
  5727 | D:7      | Noticed a +0 short sword
  5728 | D:7      | Noticed a +0 falchion
  5730 | D:7      | Noticed a +0 spear
  5730 | D:7      | Noticed a +0 dagger
  5730 | D:7      | Noticed a +0 falchion
  5731 | D:7      | Noticed a +0 spear
  5742 | D:7      | Found a hide-covered altar of Uskayaw.
  5868 | D:7      | Found Wyfex's Distillery.
  6052 | D:8      | Gained mutation: When hurt, damage is shared between your
                  | health and your magic reserves. [demonic ancestry]
  6052 | D:8      | Reached XP level 9. HP: 57/57 MP: 10/13
  6167 | D:8      | Noticed an unseen horror
  6174 | D:8      | Killed an unseen horror
  6174 | D:8      | Offered knowledge of Mephitic Cloud by Vehumet.
  6393 | D:8      | Reached skill level 1 in Fighting
  6412 | D:7      | Found Visemoem's Fire Supplies.
  6418 | D:7      | Bought a +2 cloak of fire resistance for 258 gold pieces
  6822 | D:7      | Reached *** piety under Vehumet
  6905 | D:7      | Reached skill level 5 in Fighting
  7073 | D:6      | Reached XP level 10. HP: 77/77 MP: 14/14
  7094 | D:6      | Noticed a cyclops
  7094 | D:6      | Noticed a cyclops
  7111 | D:6      | Offered knowledge of Sticky Flame by Vehumet.
  7292 | D:6      | Killed a cyclops
  7416 | D:6      | Killed a cyclops
  7546 | D:6      | Learned a level 4 spell: Fulminant Prism
  7551 | D:6      | Learned a level 4 spell: Iskenderun's Mystic Blast
  8304 | D:9      | Noticed Pikel
  8314 | D:9      | Killed Pikel
  8315 | D:9      | Reached skill level 5 in Conjurations
  8370 | D:9      | Noticed a two-headed ogre
  8383 | D:9      | Killed a two-headed ogre
  8585 | D:9      | Reached **** piety under Vehumet
  8599 | D:9      | Offered knowledge of Flame Wave by Vehumet.
  8659 | D:9      | Found a stormy altar of Qazlal.
  8659 | D:9      | Found an opulent altar of Gozag.
  8666 | D:9      | Found a sparkling altar of Nemelex Xobeh.
  8667 | D:9      | Found an iron altar of Okawaru.
  8669 | D:9      | Found a shadowy altar of Dithmenos.
  8670 | D:9      | Found an ornate altar of the Wu Jian Council.
  8672 | D:9      | Found a hazy altar of Hepliaklqana.
  8675 | D:9      | Found a burning altar of Makhleb.
  8905 | D:10     | Entered Level 10 of the Dungeon
  8941 | D:10     | Reached XP level 11. HP: 89/89 MP: 18/18
  9069 | D:10     | Reached skill level 5 in Spellcasting
  9105 | D:10     | Noticed a boulder beetle
  9122 | D:10     | Killed a boulder beetle
  9138 | D:10     | Found a staircase to the Orcish Mines.
  9496 | D:10     | Reached ***** piety under Vehumet
  9537 | D:10     | Offered knowledge of Olgreb's Toxic Radiance by Vehumet.
  9919 | D:11     | Noticed Erica
  9944 | D:11     | Killed Erica
  9968 | D:11     | Noticed a boulder beetle
 10047 | D:11     | Reached skill level 1 in Hexes
 10047 | D:11     | Reached skill level 1 in Translocations
 10073 | D:11     | Killed a boulder beetle
 10087 | D:11     | Noticed a boulder beetle
 10103 | D:11     | Killed a boulder beetle
 10231 | D:11     | Noticed a red ugly thing
 10248 | D:11     | Killed a red ugly thing
 10416 | D:11     | Found a staircase to the Lair.
 10963 | D:12     | Found a portal to a secret trove of treasure.
 10982 | Trove    | Entered a treasure trove
 10989 | Trove    | Identified the +0 cloak "Gyarura" {rPois Str+3}
 11026 | Trove    | Identified the +2 hat "Baurgh" {rElec rF+ rN+}
 11064 | Trove    | Identified the +0 pair of gloves "Ukitokul" {rN+ Str+3
                  | Int-4 Stlth+}
 11146 | D:12     | Reached XP level 12. HP: 96/96 MP: 23/23
 11461 | D:12     | Reached skill level 5 in Hexes
 11985 | Lair:1   | Entered Level 1 of the Lair of Beasts
 12061 | Lair:1   | Reached skill level 5 in Translocations
 12261 | Lair:1   | Noticed a six-headed hydra
 12272 | Lair:1   | Reached skill level 1 in Shields
 12453 | Lair:1   | Found a runed translucent door.
 12469 | Lair:1   | Noticed hackum's ghost (journeyman TrFi)
 12486 | Lair:1   | Killed a six-headed hydra
 12774 | Lair:1   | Reached skill level 5 in Shields
 12949 | Lair:1   | Killed hackum's ghost
 13113 | Lair:2   | Gained mutation: You are partially covered in sharp spines.
                  | [demonic ancestry]
 13113 | Lair:2   | Reached XP level 13. HP: 90/101 MP: 13/24
 13164 | Lair:2   | Reached skill level 1 in Armour
 13451 | Lair:2   | Found a staircase to the Snake Pit.
 13657 | Lair:2   | Found a dark tunnel.
 13671 | Volcano  | Entered a volcano
 13848 | Volcano  | Noticed a fire dragon
 13866 | Volcano  | Killed a fire dragon
 14331 | Lair:3   | Noticed Nessos
 14332 | Lair:3   | Reached skill level 5 in Dodging
 14343 | Lair:3   | Killed Nessos
 14344 | Lair:3   | Reached skill level 5 in Armour
 14356 | Lair:3   | Found a staircase to the Shoals.
 14677 | Lair:3   | Noticed Amaemon
 14690 | Lair:3   | Killed Amaemon
 15645 | Lair:4   | Found a staircase to the Slime Pits.
 15645 | Lair:4   | Found a viscous altar of Jiyva.
 15782 | Lair:5   | Entered Level 5 of the Lair of Beasts
 15891 | Lair:5   | Reached XP level 14. HP: 80/108 MP: 20/25
 15920 | Lair:5   | Noticed Urug
 15944 | Lair:5   | Killed Urug
 16266 | Lair:5   | Reached skill level 10 in Armour
 17094 | D:13     | Noticed Lodul
 17095 | D:13     | Offered knowledge of Spellforged Servitor by Vehumet.
 17106 | D:13     | Killed Lodul
 17132 | D:13     | Noticed Kirke
 17162 | D:13     | Killed Kirke
 17447 | D:13     | Found an opulent altar of Gozag.
 17905 | Orc:1    | Entered Level 1 of the Orcish Mines
 18096 | Orc:2    | Entered Level 2 of the Orcish Mines
 18272 | Orc:2    | Noticed an orc warlord
 18277 | Orc:2    | Noticed Blork the orc
 18281 | Orc:2    | Reached XP level 15. HP: 103/114 MP: 23/27
 18296 | Orc:2    | Killed Blork the orc
 18305 | Orc:2    | Offered knowledge of Conjure Ball Lightning by Vehumet.
 18397 | Orc:2    | Found Gyger's Antique Weapon Boutique.
 18405 | Orc:2    | Found Zialaag's Jewellery Boutique.
 18510 | Orc:2    | Found Haipael's General Store.
 18816 | Orc:2    | Found a staircase to the Elven Halls.
 18965 | Orc:2    | Found Afewemo's Antique Armour Boutique.
 19073 | Orc:2    | Found Ymiamm's Jewellery Shoppe.
 19532 | D:14     | Noticed Agnes
 19541 | D:14     | Killed Agnes
 19714 | D:14     | Found a gate to the Vaults.
 19779 | D:14     | Reached skill level 10 in Conjurations
 20114 | D:14     | Identified Roxanne's Cyclopedia of Transfiguration
 20114 | D:14     | Noticed Roxanne
 20283 | D:14     | Killed Roxanne
 20687 | D:15     | Entered Level 15 of the Dungeon
 20696 | D:15     | Reached skill level 10 in Spellcasting
 20699 | D:15     | Found a blossoming altar of Fedhas.
 20999 | D:15     | Found a staircase to the Depths.
 21581 | D:15     | Identified the +0 pair of gloves "Ypsoshra" {Harm rPois}
 21948 | Depths:1 | Entered Level 1 of the Depths
 21948 | Depths:1 | Found a gateway to Hell.
 21980 | D:15     | Learned a level 6 spell: Statue Form
 21986 | Depths:1 | Noticed a frost giant
 22202 | Snake:1  | Entered Level 1 of the Snake Pit
 22246 | Snake:1  | Gained mutation: You are mostly covered in sharp spines.
                  | [demonic ancestry]
 22246 | Snake:1  | Reached XP level 16. HP: 116/118 MP: 31/31
 22263 | Snake:1  | Reached skill level 1 in Earth Magic
 22284 | Snake:1  | Offered knowledge of Orb of Destruction by Vehumet.
 22441 | Snake:1  | Found a frozen archway.
 22446 | IceCv    | Entered an ice cave
 22658 | IceCv    | Reached skill level 5 in Earth Magic
 23147 | IceCv    | Identified the +0 buckler of Puamegot {Fly rF- Int+3 Dex+3}
 23152 | IceCv    | Got Koapimn's Precepts of Cold
 23153 | IceCv    | Identified the staff of earth "Qecomaow" {rPois Str+2
                  | Dex+2}
 23637 | Snake:1  | Noticed Jorgrun
 23656 | Snake:1  | Killed Jorgrun
 23911 | Snake:1  | Offered knowledge of Plasma Beam by Vehumet.
 24332 | Snake:2  | Reached skill level 10 in Earth Magic
 25064 | Snake:3  | Gained mutation: Your hexes are more powerful. [demonic
                  | ancestry]
 25064 | Snake:3  | Reached XP level 17. HP: 118/126 MP: 22/32
 25254 | Snake:3  | Found Olinosm's Self-Improvement Boutique.
 25262 | Snake:3  | Bought a manual of Dodging for 1200 gold pieces
 25424 | Snake:3  | Reached ****** piety under Vehumet
 26274 | Snake:3  | Offered knowledge of Iron Shot by Vehumet.
 26282 | Snake:3  | Learned a level 6 spell: Iron Shot
 26361 | Snake:4  | Entered Level 4 of the Snake Pit
 26424 | Snake:4  | Reached skill level 10 in Dodging
 26523 | Snake:4  | Found a runed translucent gate.
 26523 | Snake:4  | Found a runed translucent gate.
 26523 | Snake:4  | Found a runed translucent gate.
 26543 | Snake:4  | Noticed qborf's ghost (adept MeCj)
 26717 | Snake:4  | Found Liosmoac's Jewellery Shoppe.
 26717 | Snake:4  | Found Offaill's Armour Emporium.
 27129 | Snake:4  | Noticed Vashnia
 27240 | Snake:4  | Killed Vashnia
 27424 | Snake:4  | Got a serpentine rune of Zot
 27669 | Snake:4  | Killed qborf's ghost
 28972 | Depths:1 | Found Zoen's Tremendous Tomes.
 29106 | Depths:1 | Found a sparkling altar of Nemelex Xobeh.
 29453 | Depths:1 | Gained mutation: You have a tail ending in a sharp stinger.
                  | [demonic ancestry]
 29453 | Depths:1 | Reached XP level 18. HP: 112/133 MP: 13/33
 29713 | Depths:1 | Found a one-way gate leading to the halls of Pandemonium.
 30067 | Depths:2 | Upgraded the game from 0.30-a0-1016-gfb0d676c02 to
                  | 0.30-a0-1018-g25214051b3
 30539 | Depths:2 | Noticed a lich
 30550 | Depths:2 | Killed a lich
 30696 | Depths:2 | Offered knowledge of Maxwell's Capacitive Coupling by
                  | Vehumet.
 31161 | Depths:3 | Identified the ring of the Heavens {Ice Will+}
 31161 | Depths:3 | Noticed Josephina
 31262 | Depths:3 | Found a one-way gateway to a ziggurat.
 31637 | Shoals:1 | Entered Level 1 of the Shoals
 31852 | Shoals:1 | Found a runed translucent gate.
 31852 | Shoals:1 | Found a runed translucent gate.
 32180 | Shoals:1 | Found a runed translucent gate.
 32183 | Shoals:1 | Noticed UltrafastDeath's ghost (adept OgIE)
 32945 | Shoals:1 | Killed UltrafastDeath's ghost
 33056 | Shoals:1 | Identified the +12 glaive of Meunaem {flame, rF+}
 33056 | Shoals:1 | Identified the +1 cloak of Devotion {rElec rC+ Str+2}
 33701 | Shoals:2 | Found Xivelur's Book Emporium.
 34349 | Shoals:3 | Found Yghuf's Distillery.
 34414 | Shoals:3 | Bought a potion of resistance for 170 gold pieces
 34414 | Shoals:3 | Bought a potion of heal wounds for 85 gold pieces
 34414 | Shoals:3 | Bought a potion of ambrosia for 136 gold pieces
 34414 | Shoals:3 | Bought a potion of berserk rage for 85 gold pieces
 34414 | Shoals:3 | Bought a potion of brilliance for 68 gold pieces
 34414 | Shoals:3 | Bought a potion of curing for 51 gold pieces
 34918 | Shoals:3 | Noticed Ilsuiw
 35029 | Shoals:3 | Gained mutation: You are completely covered in razor-sharp
                  | scales. (AC +3, Slay +3) [demonic ancestry]
 35029 | Shoals:3 | Reached XP level 19. HP: 80/139 MP: 15/34
 35034 | Shoals:3 | Killed Ilsuiw
 35420 | Shoals:4 | Entered Level 4 of the Shoals
 36033 | Shoals:4 | Noticed Polyphemus
 36228 | Shoals:4 | Killed Polyphemus
 36606 | Shoals:4 | Got a barnacled rune of Zot
 36765 | Shoals:4 | Offered knowledge of Fire Storm by Vehumet.
 36765 | Shoals:4 | Offered knowledge of Shatter by Vehumet.
 36765 | Shoals:4 | Offered knowledge of Polar Vortex by Vehumet.
 36879 | Shoals:4 | Learned a level 9 spell: Shatter
 37205 | Elf:1    | Entered Level 1 of the Elven Halls
 37205 | Elf:1    | Noticed Asterion
 37265 | Elf:1    | Killed Asterion
 37334 | Elf:1    | Reached skill level 15 in Conjurations
 37408 | Elf:1    | Paralysed by an orc sorcerer for 2 turns
 37419 | Elf:1    | Paralysed by an orc sorcerer for 3 turns
 37476 | Elf:1    | Found Dampurghumo's Magic Scroll Boutique.
 37484 | Elf:1    | Bought a scroll of fog for 76 gold pieces
 37484 | Elf:1    | Bought a scroll of teleportation for 57 gold pieces
 37484 | Elf:1    | Bought a scroll of immolation for 76 gold pieces
 37777 | Elf:1    | Identified the +1 war axe "Bepesat" {speed, rN+ Will+}
 38686 | Elf:2    | Reached skill level 15 in Earth Magic
 38849 | Elf:2    | Gained mutation: You have a sharp stinger which inflicts
                  | weakening toxins. [demonic ancestry]
 38849 | Elf:2    | Reached XP level 20. HP: 143/145 MP: 35/35
 38871 | Elf:2    | Found a huge runed translucent gate.
 38871 | Elf:2    | Found a huge runed translucent gate.
 38871 | Elf:2    | Found a huge runed translucent gate.
 38871 | Elf:2    | Found a huge runed translucent gate.
 38871 | Elf:2    | Found a huge runed translucent gate.
 39799 | Elf:3    | Entered Level 3 of the Elven Halls
 39831 | Elf:3    | Reached skill level 1 in Necromancy
 40051 | Elf:3    | Found Ecris's Weapon Emporium.
 40055 | Elf:3    | Noticed Aizul
 40057 | Abyss:3  | Cast into level 3 of the Abyss (a deep elf sorcerer)
 40076 | Abyss:3  | Noticed a bone dragon
 40086 | Abyss:3  | Killed a bone dragon
 40115 | Abyss:3  | Learned a level 5 spell: Borgnjor's Vile Clutch
 40262 | Abyss:3  | Reached skill level 5 in Necromancy
 40485 | Elf:3    | Escaped the Abyss
 41049 | Elf:3    | Identified the +5 quarterstaff "Oburghyew" {venom, rElec
                  | rPois rN+ Stlth-}
 41049 | Elf:3    | Identified the ring of Guwomike {Str+4 SInv}
 41127 | Elf:3    | Identified the ring "Viac" {rElec rPois Will+ Str+3}
 41324 | Elf:3    | Reached skill level 10 in Necromancy
 41327 | Elf:3    | Identified the ring "Batsus" {rPois rF- rN+ Str-3 Dex+8}
 41335 | Elf:3    | Killed Aizul
 41534 | Elf:3    | Identified the ring "Zukluot" {rN+ Int+4 Dex+3}
 41793 | Elf:3    | Identified the staff of conjuration "Wusezov" {rCorr}
 42373 | Vaults:1 | Entered Level 1 of the Vaults
 42545 | Vaults:1 | Gained mutation: You are completely covered in sharp
                  | spines. [demonic ancestry]
 42545 | Vaults:1 | Reached XP level 21. HP: 147/151 MP: 36/36
 43257 | Vaults:1 | Found Juloh's Book Shop.
 44083 | Vaults:2 | Found a gateway to a bazaar.
 44099 | Bazaar   | Entered a bazaar
 44099 | Bazaar   | Found Debbac Wuy's Book Boutique.
 44099 | Bazaar   | Found Cefrash's Weapon Shop.
 44099 | Bazaar   | Found Puuriu Lekai's Book Shoppe.
 44101 | Bazaar   | Found Hebba's Armour Emporium.
 44101 | Bazaar   | Found Omuckaf's Assorted Antiques.
 44130 | Bazaar   | Bought a scroll of fog for 80 gold pieces
 44130 | Bazaar   | Bought a potion of berserk rage for 100 gold pieces
 44130 | Bazaar   | Bought a potion of magic for 160 gold pieces
 44136 | Bazaar   | Bought a manual of Armour for 1200 gold pieces
 44999 | Vaults:2 | You are sucked into a shaft and drop 1 floor!
 45150 | Vaults:3 | Found a transporter.
 45829 | Vaults:3 | Reached XP level 22. HP: 139/158 MP: 37/37
 46080 | Vaults:3 | Found a staircase to the Crypt.
 46244 | Vaults:3 | Found Wubb's Distillery.
 46248 | Vaults:3 | Bought a potion of haste for 160 gold pieces
 46248 | Vaults:3 | Bought a potion of berserk rage for 80 gold pieces
 46248 | Vaults:3 | Bought a potion of brilliance for 64 gold pieces
 46248 | Vaults:3 | Bought 2 potions of brilliance for 128 gold pieces
 46248 | Vaults:3 | Bought a potion of brilliance for 64 gold pieces
 46248 | Vaults:3 | Bought 2 potions of magic for 256 gold pieces
 46248 | Vaults:3 | Bought a potion of curing for 48 gold pieces
 46248 | Vaults:3 | Bought a potion of curing for 48 gold pieces
 47919 | Vaults:2 | Paralysed by a floating eye for 4 turns
 48034 | Vaults:2 | Identified the +1 robe of the Sun {Regen+ Int+3}
 48034 | Vaults:2 | Identified the amulet "Wurufaox" {RegenMP rF+}
 48056 | Vaults:2 | Lost mutation: Your muscles are strong. (Str +4, Int/Dex
                  | -1) [a shining eye]
 48174 | Vaults:2 | Identified the +9 rapier "vishdafish's Death" {vamp, rF+
                  | Int+6}
 49067 | Depths:3 | Noticed Saint Roka
 49072 | Depths:3 | Killed Saint Roka
 49135 | Depths:3 | Killed Josephina
 49448 | Depths:3 | Gained mutation: Your melee attacks may debilitate your
                  | foes. [demonic ancestry]
 49448 | Depths:3 | Reached XP level 23. HP: 151/163 MP: 7/38
 49708 | Depths:3 | Found a one-way gate to the infinite horrors of the Abyss.
 49931 | Depths:3 | Paralysed by a floating eye for 3 turns
 50394 | Depths:3 | Noticed a caustic shrike
 50402 | Depths:3 | Killed a caustic shrike
 51089 | Depths:4 | Entered Level 4 of the Depths
 51247 | Depths:4 | Noticed a juggernaut
 51371 | Depths:4 | Killed a juggernaut
 51508 | Depths:4 | Found a gate to the Realm of Zot.
 52599 | Vaults:5 | Entered Level 5 of the Vaults
 52624 | Vaults:4 | Gained mutation: When low on magic, you restore magic in
                  | place of health. [demonic ancestry]
 52624 | Vaults:4 | Reached XP level 24. HP: 52/170 MP: 19/38
 52735 | Vaults:5 | Noticed a dread lich
 52778 | Vaults:5 | Killed a dread lich
 52785 | Vaults:5 | Noticed an ancient lich
 52788 | Vaults:5 | Killed an ancient lich
 53140 | Vaults:5 | Identified the +1 scimitar of Harmony {flame, Int+4}
 53157 | Vaults:5 | Identified the +0 ring mail "Kodomom" {rElec rF- Dex+6
                  | Stlth+}
 53288 | Vaults:5 | Identified the ring "Buzokh" {+Blink rF- rN+++ Int+6 SInv}
 53475 | Vaults:5 | Got a silver rune of Zot
 53704 | Vaults:5 | Identified the amulet "Tieradghi" {Regen+ Dex-3 Slay+6}
 53733 | Vaults:5 | Identified the +8 quick blade of Fortitude {flame, rPois}
 53738 | Vaults:5 | Reached skill level 27 in Earth Magic
 53745 | Vaults:5 | Identified the staff of earth "Hywkunith" {Dex+3}
 53808 | Vaults:5 | Identified the amulet "Daggoef" {Regen+ Int+4}
 54117 | Crypt:1  | Entered Level 1 of the Crypt
 54155 | Crypt:1  | Noticed Sojobo
 54158 | Crypt:1  | Noticed Frederick
 54162 | Crypt:1  | Killed Frederick
 54164 | Crypt:1  | Paralysed by an air elemental for 1 turns
 54167 | Crypt:1  | Killed Sojobo
 55070 | Crypt:2  | Noticed Khufu
 55075 | Crypt:2  | Noticed a royal mummy
 55078 | Crypt:2  | Killed Khufu
 55079 | Crypt:2  | Noticed a royal mummy
 55079 | Crypt:2  | Noticed a royal mummy
 55081 | Crypt:2  | Killed a royal mummy
 55086 | Crypt:2  | Killed a royal mummy
 55169 | Crypt:2  | Killed a royal mummy
 55978 | Crypt:3  | Entered Level 3 of the Crypt
 56054 | Crypt:3  | Gained mutation: You are surrounded by an aura of silence.
                  | [demonic ancestry]
 56054 | Crypt:3  | Reached XP level 25. HP: 176/176 MP: 41/41
 56060 | Crypt:3  | Reached skill level 15 in Spellcasting
 56085 | Crypt:3  | Identified the +3 whip "Koysmis" {heavy, Fragile rPois rN+
                  | Dex+5}
 56308 | Crypt:3  | Found a basalt altar of Yredelemnul.
 56452 | Crypt:3  | Found a staircase to the Tomb.
 56568 | Crypt:3  | Identified the +0 mace of the Winnowing Gods {heavy, Fly
                  | rC- Str+6 Dex-5}
 56617 | Crypt:3  | Noticed an ancient lich
 56619 | Crypt:3  | Killed an ancient lich
 56619 | Crypt:3  | Identified the ring of Ocle {rElec rN+ Int+4 Dex+5}
 56621 | Crypt:3  | Identified the ring of Haiha {Fly rF++ rN+ Int-2 Dex+3}
 56655 | Crypt:3  | Identified the ring "Zotauc" {rN+ Str+4 Int-5 SInv}
 56941 | Crypt:3  | Found an ancient bone altar of Kikubaaqudgha.
 57265 | Zot:1    | Entered Level 1 of the Realm of Zot
 57929 | Zot:2    | Identified the +5 cloak of Discretion {+Blink rF+ Dex-3}
 58072 | Zot:2    | You are sucked into a shaft and drop 2 floors!
 58072 | Zot:4    | Found a transporter.
 58304 | Zot:3    | Noticed an ancient lich
 58304 | Zot:3    | Found a stormy altar of Qazlal.
 58306 | Zot:3    | Killed an ancient lich
 58358 | Zot:3    | Reached skill level 10 in Fighting
 58358 | Zot:3    | Reached XP level 26. HP: 143/184 MP: 30/46
 58361 | Zot:3    | Reached skill level 15 in Polearms
 58460 | Zot:3    | Identified the +2 halberd of Embarrassment {flame, +Blink
                  | rElec Str-2}
 58796 | Zot:3    | Found a runed translucent gate.
 58796 | Zot:3    | Found a runed translucent gate.
 58811 | Zot:3    | Found a runed translucent gate.
 58812 | Zot:3    | Found an ancient bone altar of Kikubaaqudgha.
 58813 | Zot:3    | Noticed a dread lich
 58813 | Zot:3    | Noticed Zuol's ghost (legendary DsDe)
 58813 | Zot:3    | Noticed a dread lich
 58813 | Zot:3    | Noticed an ancient lich
 58814 | Zot:3    | Noticed Monuoraozee's ghost (legendary GnTm)
 60152 | Depths:1 | Bought the Thoughts on the Algid Gestalt for 1804 gold
                  | pieces
 60210 | Depths:3 | Learned a level 8 spell: Necromutation
 60211 | Zig:1    | Entered Level 1 of a ziggurat
 60218 | Zig:1    | Identified the +6 rapier of Midghe {heavy, rF+ MP+9 Dex+3}
 60228 | Zig:2    | Entered Level 2 of a ziggurat
 60250 | Zig:3    | Entered Level 3 of a ziggurat
 60252 | Zig:3    | Reached skill level 1 in Transmutations
 60279 | Zig:4    | Entered Level 4 of a ziggurat
 60312 | Zig:4    | Identified the +5 scale mail of the Enchanted Forest
                  | {rElec}
 60325 | Zig:5    | Entered Level 5 of a ziggurat
 60341 | Zig:5    | Got the Disquisition on Movement and Firn
 60343 | Zig:5    | Identified the +8 hand crossbow of Ynudghasu {penet, rElec}
 60353 | Zig:6    | Entered Level 6 of a ziggurat
 60419 | Zig:7    | Entered Level 7 of a ziggurat
 60425 | Zig:7    | Noticed an ancient lich
 60425 | Zig:7    | Noticed an ancient lich
 60428 | Zig:7    | Killed an ancient lich
 60428 | Zig:7    | Killed an ancient lich
 60442 | Zig:7    | Identified the ring "Arept" {AC+4 Str+2 Stlth+}
 60450 | Zig:8    | Entered Level 8 of a ziggurat
 60457 | Zig:8    | Noticed Eciseel the pandemonium lord
 60461 | Zig:8    | Reached skill level 5 in Transmutations
 60471 | Zig:8    | Killed Eciseel the pandemonium lord
 60515 | Zig:8    | Identified the +0 tower shield of Lausestu {Str+3 Slay+3}
 60537 | Zig:9    | Entered Level 9 of a ziggurat
 60550 | Zig:9    | Reached skill level 15 in Necromancy
 60576 | Zig:9    | Identified the staff of earth "Ynnymon" {Contam Will- Int+2
                  | Dex+4}
 60582 | Zig:9    | Identified the +3 hand axe of the Eternal Void {flame,
                  | Str+4 Dex-2 Stlth+}
 60593 | Zig:10   | Entered Level 10 of a ziggurat
 60604 | Zig:10   | Noticed Sulunett the pandemonium lord
 60615 | Zig:10   | Killed Sulunett the pandemonium lord
 60673 | Zig:10   | Identified the +5 trident "Rodif" {protect, Fly Str+6
                  | Dex+3}
 60683 | Zig:10   | Identified the staff of conjuration "Kifri" {rN++ Str-5
                  | Int+2}
 60686 | Zig:10   | Identified the +8 hand axe "Ewkos" {flame, Str+6}
 60710 | Zig:11   | Entered Level 11 of a ziggurat
 60727 | Zig:11   | Reached XP level 27. HP: 199/199 MP: 46/46
 60742 | Zig:11   | Identified the +1 leather armour of Bright Fun {rF- Int+9
                  | Slay-2 SInv}
 60786 | Zig:12   | Entered Level 12 of a ziggurat
 60837 | Zig:12   | Identified the ring of Zimynn {rF+ Str+3 Dex-2 SInv}
 60846 | Zig:12   | Identified the ring of Lugonu's Pride {+Blink rElec rC-
                  | AC+4}
 60863 | Zig:13   | Entered Level 13 of a ziggurat
 60898 | Zig:13   | Identified the +10 short sword "Tuseo" {speed, +Blink rF+
                  | Will+ Str-2}
 60918 | Zig:13   | Identified the +8 hand axe of Jexkibb {holy, rF- Dex+5}
 60954 | Zig:14   | Entered Level 14 of a ziggurat
 60962 | Zig:14   | Noticed Zese the pandemonium lord
 60964 | Zig:14   | Noticed Nagguid the pandemonium lord
 60964 | Zig:14   | Noticed Ocugoeph the pandemonium lord
 60964 | Zig:14   | Noticed Satenos the pandemonium lord
 60967 | Zig:14   | Killed Satenos the pandemonium lord
 60972 | Zig:14   | Killed Zese the pandemonium lord
 60974 | Zig:14   | Killed Ocugoeph the pandemonium lord
 60976 | Zig:14   | Killed Nagguid the pandemonium lord
 60977 | Zig:14   | Reached skill level 10 in Transmutations
 61109 | Zig:14   | Identified the +1 plate armour "Nesmiunog" {+Blink rN+
                  | Str+2 Dex+3}
 61125 | Zig:14   | Identified the +2 leather armour of the Big Bang {Rampage
                  | rCorr Dex+2}
 61153 | Zig:15   | Entered Level 15 of a ziggurat
 61198 | Zig:15   | Identified the ring "Tulegrich" {rElec rCorr Int+5 Dex+3}
 61217 | Zig:15   | Identified the staff of earth "Qoashror" {Dex+4 Stlth+}
 61218 | Zig:15   | Identified the staff of death "Jatuacke" {rN+ Will+ rCorr
                  | Dex+2}
 61224 | Zig:15   | Identified the +8 glaive "Wijaeceto" {holy, *Slow Dex+5}
 61262 | Zig:16   | Entered Level 16 of a ziggurat
 61300 | Zig:16   | Identified the +9 plate armour "Qumos" {Dex+4}
 61323 | Zig:16   | Identified the +8 flail of Egrir {freeze, Str+4 Int+3}
 61324 | Zig:16   | Identified the ring "Typaz" {Fly Slay+5}
 61334 | Zig:16   | Identified the +9 scimitar "Peane" {vamp, rElec rC+}
 61354 | Zig:17   | Entered Level 17 of a ziggurat
 61386 | Zig:17   | Found the +9 sword of Zonguldrok {reap}
 61406 | Zig:17   | Identified the +10 falchion of the Water Diviner {heavy,
                  | rPois}
 61410 | Zig:17   | Identified the +10 tower shield of the Eight Boll Weevils
                  | {Regen+ rCorr}
 61416 | Zig:17   | Identified the staff of cold "Josauqich" {Fragile rF+ rC+
                  | Str+3}
 61444 | Zig:17   | Identified the staff of poison "Turosaku" {rPois rC+ rN+}
 61466 | Zig:18   | Entered Level 18 of a ziggurat
 61548 | Zig:18   | Identified the +8 dagger "Sob Zaiv" {venom, rF+ rN+}
 61549 | Zig:18   | Identified the ring "Lamoeg" {+Blink rElec Will+ Int-3
                  | Dex+6}
 61553 | Zig:18   | Identified the +3 war axe of Kismet {distort, rPois Stlth+}
 61558 | Zig:18   | Identified the staff of conjuration "Uklurenu" {Str-2
                  | Int+7}
 61593 | Zig:19   | Entered Level 19 of a ziggurat
 61634 | Zig:19   | Identified a scroll of acquirement
 61651 | Zig:19   | Acquired 780 gold pieces
 61668 | Zig:19   | Identified the ring "Pehoyxah" {Wiz rPois SInv}
 61700 | Zig:20   | Entered Level 20 of a ziggurat
 61720 | Zig:20   | Reached skill level 15 in Transmutations
 61932 | Zig:20   | Found the +10 zealot's sword {holy, Zealotry, *Rage rN+
                  | EV+3}
 62003 | Zig:21   | Entered Level 21 of a ziggurat
 62039 | Zig:21   | Found the +11 plutonium sword {Contam Stlth-}
 62047 | Zig:21   | Identified the +6 shortbow "Xaorph" {speed, rN+}
 62059 | Zig:21   | Identified the +9 short sword of Pandemonium {drain, rCorr}
 62060 | Zig:21   | Identified the +6 shortbow "Niaqalan" {speed, Fly rPois
                  | Str+5 Dex-4}
 62066 | Zig:21   | Identified the +0 ring mail "Iddant Ifrin" {Regen+ Slay+3}
 62074 | Zig:21   | Identified the staff of earth "Ohamp" {rElec rPois Str+3}
 62087 | Zig:22   | Entered Level 22 of a ziggurat
 62142 | Zig:22   | Found the +3 Mad Mage's Maulers {Infuse+∞ VampMP -Cast}
 62163 | Zig:22   | Got the Dissertation on the Glowing Boggart
 62186 | Zig:22   | Identified the +6 trident of Strategic Superiority {drain,
                  | *Noise rN+++ Str-5 Dex+5}
 62219 | Zig:23   | Entered Level 23 of a ziggurat
 62238 | Zig:23   | Reached skill level 15 in Fighting
 62249 | Zig:23   | Paralysed by a wendigo for 1 turns
 62270 | Zig:23   | Found the +9 staff of Wucad Mu {*channel}
 62278 | Zig:23   | Got the Annotations on Elliptic Austromancy
 62284 | Zig:23   | Identified the ring "Kojaidoi" {rElec rPois rCorr EV+5
                  | Int+3}
 62290 | Zig:23   | Acquired 1137 gold pieces
 62291 | Zig:23   | Acquired 994 gold pieces
 62348 | Zig:23   | Got the Elucidation of Breezy Orientation
 62350 | Zig:23   | Identified the +0 chain mail of Complete Protection {Will+
                  | rCorr Dex+3}
 62351 | Zig:23   | Identified the staff of air "Huunnecu" {rElec Int+3 SInv}
 62352 | Zig:23   | Identified the ring of Tisulof {rPois rCorr Dex+2 Slay+4}
 62353 | Zig:23   | Identified the +6 ring mail of Modesty {rF+}
 62374 | Zig:24   | Entered Level 24 of a ziggurat
 62460 | Zig:24   | Identified the +0 robe of Ytsesor {Will++ Int+3 Dex+2}
 62461 | Zig:24   | Identified the +4 rapier "Emicuet" {heavy, rN+ Str+3 Int+3}
 62463 | Zig:24   | Identified the +10 shortbow "Syamaul" {freeze, rC++ Will-
                  | MP+9 Stlth+}
 62609 | Zig:24   | Identified the +2 chain mail of the Wild Haggis {-Tele
                  | Dex+9}
 62613 | Zig:24   | Identified the +6 leather armour "Cere Dud" {rPois rC+
                  | rCorr Int+3}
 62672 | Zig:25   | Entered Level 25 of a ziggurat
 62739 | Zig:25   | Found the +8 demon trident "Rift" {distort, reach+}
 62766 | Zig:25   | Identified the staff of fire "Ikiano" {rElec rF+ Stlth+}
 62779 | Zig:25   | Identified the +9 sling of the Illusory Tales {freeze,
                  | rElec rPois Str+2 Stlth-}
 62794 | Zig:25   | Identified the ring "Paekuolo" {rF+ EV+5}
 62866 | Zig:26   | Entered Level 26 of a ziggurat
 62978 | Zig:26   | Found the ring of Shadows {Umbra +Inv Stlth+}
 62980 | Zig:26   | Found the +5 Lochaber axe {reach-cleave, Poleaxe Drain}
 62988 | Zig:26   | Identified the staff of death "Hoqiddun" {rElec rN+ Will-
                  | rCorr Str+9 SInv}
 62989 | Zig:26   | Identified the amulet "Wailiog" {Faith Harm rC+}
 62992 | Zig:26   | Identified the +3 long sword "Goblinslayer" {venom, rElec
                  | Int+5}
 62993 | Zig:26   | Identified the staff of earth "Lanta" {Fly Will+}
 62997 | Zig:26   | Identified the +1 robe of Hysteria {+Blink Dex+2}
 63000 | Zig:26   | Identified the +0 robe of Sulyitim {Will+ Dex+5}
 63006 | Zig:26   | Identified the staff of death "Wabriang" {rN+ Dex+5}
 63009 | Zig:26   | Identified the +7 chain mail "Azuxug" {rPois}
 63012 | Zig:26   | Identified the ring "Syofour" {Str+6 Dex+3}
 63015 | Zig:26   | Identified the amulet "Cickajetaj" {RegenMP -Tele Regen+
                  | Int+2 Dex+6}
 63028 | Zig:26   | Identified the +7 glaive of Disaster {venom, Int+3 SInv}
 63063 | Zig:27   | Entered Level 27 of a ziggurat
 63149 | Zig:27   | Identified the +11 short sword "Oxesyt" {protect, rN++
                  | Will+++ rCorr Str-3}
 63189 | Zig:27   | Identified the +6 short sword "Zieptot" {distort, Dex+2
                  | Stlth+}
 63196 | Zig:27   | Identified the ring "Dufodwuts" {Slay+2 SInv}
 63203 | Zig:27   | Got the Lessons on the Damaging Crevasse
 64150 | Tomb:1   | Entered Level 1 of the Tomb of the Ancients
 64207 | Tomb:1   | Noticed a royal mummy
 64208 | Tomb:1   | Noticed a royal mummy
 64211 | Tomb:1   | Killed a royal mummy
 64211 | Tomb:1   | Killed a royal mummy
 64212 | Tomb:1   | Noticed a royal mummy
 64212 | Tomb:1   | Noticed a royal mummy
 64212 | Tomb:1   | Noticed a royal mummy
 64214 | Tomb:1   | Killed a royal mummy
 64215 | Tomb:1   | Killed a royal mummy
 64217 | Tomb:1   | Noticed a royal mummy
 64220 | Tomb:1   | Killed a royal mummy
 64224 | Tomb:1   | Killed a royal mummy
 64228 | Tomb:1   | Noticed a royal mummy
 64232 | Tomb:1   | Noticed a royal mummy
 64237 | Tomb:1   | Killed a royal mummy
 64237 | Tomb:1   | Killed a royal mummy
 64246 | Tomb:1   | Noticed a royal mummy
 64251 | Tomb:1   | Killed a royal mummy
 64251 | Tomb:1   | Noticed a royal mummy
 64251 | Tomb:1   | Paralysed by a sphinx for 3 turns
 64255 | Tomb:1   | Killed a royal mummy
 64399 | Tomb:1   | Noticed a royal mummy
 64402 | Tomb:1   | Noticed a royal mummy
 64403 | Tomb:1   | Killed a royal mummy
 64405 | Tomb:1   | Killed a royal mummy
 64436 | Tomb:1   | Noticed a royal mummy
 64448 | Tomb:1   | Killed a royal mummy
 64498 | Tomb:1   | Noticed a royal mummy
 64499 | Tomb:1   | Noticed a royal mummy
 64503 | Tomb:1   | Killed a royal mummy
 64503 | Tomb:1   | Killed a royal mummy
 65147 | Tomb:2   | Noticed a royal mummy
 65148 | Tomb:2   | Noticed a royal mummy
 65151 | Tomb:2   | Killed a royal mummy
 65152 | Tomb:2   | Killed a royal mummy
 65178 | Tomb:2   | Noticed a royal mummy
 65186 | Tomb:2   | Killed a royal mummy
 65189 | Tomb:2   | Noticed a royal mummy
 65193 | Tomb:2   | Killed a royal mummy
 65288 | Tomb:2   | Acquired 1028 gold pieces
 65588 | Tomb:3   | Entered Level 3 of the Tomb of the Ancients
 65603 | Tomb:3   | Noticed a royal mummy
 65603 | Tomb:3   | Noticed a royal mummy
 65605 | Tomb:3   | Killed a royal mummy
 65606 | Tomb:3   | Killed a royal mummy
 65607 | Tomb:3   | Noticed a royal mummy
 65609 | Tomb:3   | Noticed a royal mummy
 65610 | Tomb:3   | Killed a royal mummy
 65612 | Tomb:3   | Killed a royal mummy
 65613 | Tomb:3   | Reached skill level 27 in Spellcasting
 65616 | Tomb:3   | Noticed a royal mummy
 65618 | Tomb:3   | Noticed a royal mummy
 65619 | Tomb:3   | Killed a royal mummy
 65621 | Tomb:3   | Killed a royal mummy
 65623 | Tomb:3   | Noticed a royal mummy
 65625 | Tomb:3   | Noticed a royal mummy
 65626 | Tomb:3   | Killed a royal mummy
 65627 | Tomb:3   | Noticed a royal mummy
 65628 | Tomb:3   | Killed a royal mummy
 65631 | Tomb:3   | Killed a royal mummy
 65632 | Tomb:3   | Reached skill level 15 in Armour
 65666 | Tomb:3   | Identified the +0 leather armour of Gyic {Dex+3}
 65684 | Tomb:3   | Identified the staff of conjuration "Pufi Ome" {Stlth+}
 65799 | Tomb:3   | Identified the +1 leather armour of Ciyfoeni {Rampage}
 65891 | Tomb:3   | Found the ring of the Mage {Wiz Archmagi}
 65892 | Tomb:3   | Found the +6 arbalest "Damnation" {damnation}
 65910 | Tomb:3   | Identified the ring of Osuydefot {rC+ rN+ Will+ MP+9 Str+2}
 65914 | Tomb:3   | Identified the ring "Uweusah" {Str+6 Slay+2}
 65925 | Tomb:3   | Identified the ring "Ziddejek" {Ice Dex+2 SInv Stlth-}
 65931 | Tomb:3   | Got Ywoemp's Further Progress in Gnosis
 65936 | Tomb:3   | Identified the staff of cold "Uklec" {rF+ rC+}
 65951 | Tomb:3   | Identified the ring "Calicyprunuk" {Ice rPois}
 65976 | Tomb:3   | Identified the ring "Medwug" {rN+ Int+4}
 66061 | Tomb:3   | Got a golden rune of Zot
 66543 | Hell     | Entered the Vestibule of Hell
 66543 | Hell     | Noticed Geryon
 66584 | Hell     | Killed Geryon
 66585 | Hell     | Noticed Murray
 66586 | Hell     | Killed Murray
 66627 | Depths:4 | Learned a level 9 spell: Fire Storm
 66636 | Depths:4 | Learned a level 8 spell: Ignition
 66687 | Hell     | Reached skill level 1 in Fire Magic
 66690 | Hell     | Found a gateway to the freezing wastes of Cocytus.
 66769 | Hell     | Found a gateway to the Iron City of Dis.
 66849 | Hell     | Found a gateway to the ashen valley of Gehenna.
 66892 | Hell     | Found a gateway to the decaying netherworld of Tartarus.
 67021 | Dis:1    | Entered Level 1 of the Iron City of Dis
 67082 | Dis:1    | You are sucked into a shaft and drop 1 floor!
 67111 | Dis:2    | Reached skill level 5 in Fire Magic
 67520 | Dis:5    | Noticed a dread lich
 67521 | Dis:5    | Killed a dread lich
 67730 | Dis:6    | Found a burning altar of Makhleb.
 67836 | Dis:6    | Reached skill level 10 in Fire Magic
 68067 | Dis:7    | Entered Level 7 of the Iron City of Dis
 68199 | Dis:7    | Noticed a juggernaut
 68201 | Dis:7    | Killed a juggernaut
 68235 | Dis:7    | Noticed a juggernaut
 68238 | Dis:7    | Killed a juggernaut
 68242 | Dis:7    | Noticed a juggernaut
 68244 | Dis:7    | Killed a juggernaut
 68764 | Dis:7    | Noticed Dispater
 68892 | Dis:7    | Killed Dispater
 68935 | Dis:7    | Identified the +5 flail of Extinguishment {venom, rElec rC+
                  | Stlth-}
 68937 | Dis:7    | Got an iron rune of Zot
 69505 | Dis:7    | Identified the staff of conjuration "Ryah Lisch" {+Blink
                  | Will+ Int+2}
 69722 | Coc:1    | Entered Level 1 of Cocytus
 70254 | Coc:4    | Reached skill level 15 in Fire Magic
 70263 | Coc:4    | You are sucked into a shaft and drop 2 floors!
 70314 | Coc:7    | Entered Level 7 of Cocytus
 70620 | Coc:7    | Paralysed by a wendigo for 1 turns
 70792 | Coc:7    | Paralysed by a wendigo for 1 turns
 70959 | Coc:7    | Identified the +10 quarterstaff of the Ageing Boar {vamp,
                  | rElec rF+ rN+ Str+2}
 71027 | Coc:7    | Noticed the Serpent of Hell
 71036 | Coc:7    | Killed the Serpent of Hell
 71053 | Coc:7    | Noticed Antaeus
 71070 | Coc:7    | Killed Antaeus
 71362 | Coc:7    | Got an icy rune of Zot
 71365 | Coc:7    | Identified the +0 scale mail "Vaonak" {rF+ rCorr Int+4
                  | Dex-5}
 71717 | Zig:1    | Entered Level 1 of a ziggurat
 71736 | Zig:2    | Entered Level 2 of a ziggurat
 71754 | Zig:3    | Entered Level 3 of a ziggurat
 71775 | Zig:4    | Entered Level 4 of a ziggurat
 71831 | Zig:5    | Entered Level 5 of a ziggurat
 71883 | Zig:6    | Entered Level 6 of a ziggurat
 71887 | Zig:6    | Found the +5 Storm Queen's Shield {shock, Fly rElec}
 71900 | Zig:6    | Identified the staff of conjuration "Tylukuek" {rCorr}
 71911 | Zig:6    | Identified the staff of earth "Kaodyrr" {rF- rCorr MP+9}
 71931 | Zig:7    | Entered Level 7 of a ziggurat
 71973 | Zig:7    | Acquired 372 gold pieces
 71980 | Zig:8    | Entered Level 8 of a ziggurat
 72000 | Zig:8    | Reached skill level 10 in Shields
 72008 | Zig:8    | Identified the ring of the Raven {rC+ EV+5 Dex+3}
 72010 | Zig:8    | Identified the ring "Ygoc" {rN+ MP+9 Dex+3}
 72018 | Zig:8    | Identified the +1 chain mail "Goidaed" {Int+2}
 72051 | Zig:8    | Identified the +7 demon blade of Might {drain, rPois}
 72056 | Zig:9    | Entered Level 9 of a ziggurat
 72064 | Zig:9    | Noticed Waarass the pandemonium lord
 72064 | Zig:9    | Noticed Sophoup the pandemonium lord
 72081 | Zig:9    | Killed Sophoup the pandemonium lord
 72083 | Zig:9    | Killed Waarass the pandemonium lord
 72095 | Zig:9    | Found the amulet of the Four Winds {rN+ Will+++ Clar}
 72108 | Zig:9    | Identified the +2 plate armour of the Fiend {MP+9 Str+2
                  | Slay+2}
 72148 | Zig:10   | Entered Level 10 of a ziggurat
 72219 | Zig:10   | Identified the +7 quarterstaff of an ossuary {antimagic,
                  | rElec Str+5 Int+4}
 72248 | Zig:11   | Entered Level 11 of a ziggurat
 72278 | Zig:11   | Identified the staff of earth "Suzyg" {Will+ Dex+3}
 72287 | Zig:11   | Got the Spellbook of the Mosquito
 72290 | Zig:11   | Identified the +8 chain mail of Terutwo {Str+2}
 72329 | Zig:12   | Entered Level 12 of a ziggurat
 72350 | Zig:12   | Found the +4 moon troll leather armour {Spirit, Regen++
                  | MP+5}
 72378 | Zig:12   | Identified the +5 dagger "Voemedoy" {heavy, rPois}
 72413 | Zig:12   | Reached skill level 15 in Shields
 72415 | Zig:12   | Got the Verses on the Tesseract and the Sphinx
 72421 | Zig:12   | Identified the ring of Wu Jian's Esteem {*Corrode rElec
                  | Str+6 Int+10 Stlth+}
 72459 | Zig:13   | Entered Level 13 of a ziggurat
 72484 | Zig:13   | Found the brooch of Shielding {Spirit SH+8}
 72500 | Zig:13   | Identified the +0 scale mail "Ahaaresa" {Int+5}
 72503 | Zig:13   | Identified the ring of Ufidigo {rElec SInv}
 72504 | Zig:13   | Identified the +7 chain mail "Yfezidiery" {rElec Str+5
                  | Dex+2 Stlth-}
 72533 | Zig:14   | Entered Level 14 of a ziggurat
 72558 | Zig:14   | Found the ring of the Hare {EV+10}
 72560 | Zig:14   | Found the ring of the Tortoise {AC+8}
 72566 | Zig:14   | Identified the +1 rapier of the Thing {freeze, rC+ Dex+3}
 72573 | Zig:14   | Identified the amulet of Qakasuwo {Spirit Fragile rF+++
                  | rCorr Int-4}
 72633 | Zig:15   | Entered Level 15 of a ziggurat
 72664 | Zig:15   | Found the +12 glaive of Prune {freeze, Prune}
 72664 | Zig:15   | Found the +6 lightning scales {swift, rElec}
 72682 | Zig:15   | Identified the staff of conjuration "Votyof" {Str+8}
 72691 | Zig:15   | Identified the +3 morningstar "Roajid" {pain, Str+3 Dex+4}
 72696 | Zig:15   | Identified the +0 cloak of Loss {rF+ rC+ Regen+ rCorr
                  | Dex+3}
 72741 | Zig:16   | Entered Level 16 of a ziggurat
 72795 | Zig:16   | Identified the +1 robe "Kaehoite" {Str+2 Dex+2}
 72806 | Zig:16   | Identified the staff of air "Reite" {rElec rF++ rC+ rCorr
                  | Str-2}
 72846 | Zig:17   | Entered Level 17 of a ziggurat
 72878 | Zig:17   | Found the +5 demon whip "Spellbinder" {antimagic, disrupt,
                  | Will+}
 72892 | Zig:17   | Identified the staff of earth "Dakk" {*Corrode Str+4}
 73140 | Zig:18   | Entered Level 18 of a ziggurat
 73202 | Zig:18   | Identified the +5 battleaxe of the Abyss {elec, rPois}
 73204 | Zig:18   | Identified the ring "Tulluaj" {*Corrode rPois rN+ Will+}
 73205 | Zig:18   | Identified the staff of fire "Furghir" {rF+ rN+ Will+}
 73210 | Zig:18   | Identified the ring "Xyissac" {Fly rC++ Slay+3}
 73247 | Zig:19   | Entered Level 19 of a ziggurat
 73266 | Zig:19   | Noticed a dread lich
 73267 | Zig:19   | Noticed a dread lich
 73268 | Zig:19   | Killed a dread lich
 73269 | Zig:19   | Killed a dread lich
 73269 | Zig:19   | Noticed a dread lich
 73271 | Zig:19   | Noticed an ancient lich
 73272 | Zig:19   | Killed a dread lich
 73272 | Zig:19   | Killed an ancient lich
 73305 | Zig:19   | Identified the ring of Jeist {Fire *Slow Will+++ Str+5}
 73314 | Zig:19   | Identified the +8 trident "Killer Klown's Foe" {flame,
                  | Will- Str+6}
 73326 | Zig:19   | Identified the +6 whip "Icsae" {drain, rElec Stlth+}
 73344 | Zig:19   | Identified the +8 chain mail "Zidwin Iwkix" {rC+ Int+6
                  | Dex-5}
 73357 | Zig:20   | Entered Level 20 of a ziggurat
 73574 | Zig:20   | Identified the +1 leather armour of Gallantry {Contam +Inv
                  | rElec SInv}
 73577 | Zig:20   | Identified the +7 morningstar "Vehamm" {venom, rElec rC+}
 73578 | Zig:20   | Identified the ring "Ronni" {Drain rF++ Str+6 Dex+2}
 73593 | Zig:20   | Acquired a manual of Fire Magic
 73595 | Zig:20   | Identified the +2 long sword "Ustefrebb" {freeze, Dex+5}
 73643 | Zig:20   | Identified the +0 cloak of Irargh Dynk {+Blink rF+ Regen+
                  | rCorr}
 73647 | Zig:21   | Entered Level 21 of a ziggurat
 73669 | Zig:21   | Noticed an ancient lich
 73670 | Zig:21   | Noticed a dread lich
 73670 | Zig:21   | Killed a dread lich
 73671 | Zig:21   | Killed an ancient lich
 73686 | Zig:21   | Found the ring of the Octopus King
 73849 | Zig:21   | Reached skill level 27 in Shields
 73850 | Zig:21   | Identified the staff of fire "Ohav" {rPois rF+ Will- Str-3
                  | Dex+9}
 73856 | Zig:21   | Identified the +0 great mace of Kuahuguk {flame, Int+4}
 73862 | Zig:21   | Identified a ring of the Octopus King {HP+2 AC+2 EV+2 SH+2
                  | SInv}
 73865 | Zig:21   | Identified the amulet of Dolath {Reflect Fly rF++ SH+5}
 73869 | Zig:21   | Identified the ring of Cudaorpho {rElec rCorr MP+9 Str-4
                  | Stlth+}
 73874 | Zig:21   | Identified the staff of conjuration "Xigg" {rF+}
 73933 | Zig:22   | Entered Level 22 of a ziggurat
 73957 | Zig:22   | Noticed an ancient lich
 73958 | Zig:22   | Killed an ancient lich
 73959 | Zig:22   | Noticed an ancient lich
 73960 | Zig:22   | Killed an ancient lich
 73960 | Zig:22   | Noticed a dread lich
 73961 | Zig:22   | Killed a dread lich
 73961 | Zig:22   | Noticed a dread lich
 73962 | Zig:22   | Noticed an ancient lich
 73962 | Zig:22   | Noticed an ancient lich
 73963 | Zig:22   | Killed an ancient lich
 73964 | Zig:22   | Killed a dread lich
 73964 | Zig:22   | Killed an ancient lich
 73971 | Zig:22   | Noticed an ancient lich
 73971 | Zig:22   | Noticed a dread lich
 73973 | Zig:22   | Killed a dread lich
 73973 | Zig:22   | Killed an ancient lich
 74018 | Zig:22   | Identified the +9 great sword "Ajuyrchokk" {vamp, rPois rF+
                  | Int+3}
 74031 | Zig:22   | Identified the +9 whip of Quantum Leap {protect, Str+3}
 74032 | Zig:22   | Identified the +1 spear of Cybex {vamp, Str+3 Dex+3}
 74035 | Zig:22   | Identified the ring "Nepsyadd" {+Blink Will+ EV+5}
 74074 | Zig:23   | Entered Level 23 of a ziggurat
 74087 | Zig:23   | Paralysed by an air elemental for 1 turns
 74128 | Zig:23   | Found the +13 scythe of Curses {drain, curses, Drain}
 74149 | Zig:23   | Identified the +2 morningstar "Fuuces" {protect, rF++ Str+3
                  | Int+5}
 74158 | Zig:23   | Identified the +3 spear "Reaskon" {pain, Fly rElec Int+7
                  | Stlth-}
 74159 | Zig:23   | Identified the +0 hand axe of Revolt {freeze, rCorr MP-9
                  | Int-5 Stlth+}
 74160 | Zig:23   | Identified the staff of poison "Vihomait" {Drain rPois
                  | Str+3 Int+2 Dex+3}
 74163 | Zig:23   | Identified the +2 morningstar of Disaster {drain, Fragile
                  | rElec MP+9 Stlth+}
 74231 | Zig:24   | Entered Level 24 of a ziggurat
 74287 | Zig:24   | Reached skill level 27 in Conjurations
 74336 | Zig:24   | Found the +3 salamander hide armour {Flames, rFlCloud rF++
                  | rC--}
 74339 | Zig:24   | Found the +1 cloak of Starlight {*Dazzle EV+4 Stlth--}
 74353 | Zig:24   | Identified the ring "Jekhlelo" {rF++ rC+}
 74375 | Zig:24   | Identified the staff of poison "Caikhloepp" {*Slow rElec
                  | rPois Str+5}
 74377 | Zig:24   | Identified the +7 hand axe of Cataclysm {heavy, rC- rN+
                  | Dex+3 SInv}
 74379 | Zig:24   | Acquired 355 gold pieces
 74380 | Zig:24   | Acquired a manual of Transmutations
 74385 | Zig:24   | Identified the staff of cold "Fiuthrie" {rC+ Will+}
 74388 | Zig:25   | Entered Level 25 of a ziggurat
 74508 | Zig:25   | Identified the +4 chain mail of a Labyrinth {Rampage Fly
                  | Str-3 Int+3}
 74532 | Zig:25   | Identified the +11 whip "Ussauf" {spect, Str+2 Int+2}
 74534 | Zig:25   | Identified the ring of Beogh's Wrath {rElec rF- Will+ rCorr
                  | SInv}
 74535 | Zig:25   | Identified the +6 falchion of Zoadgheet {elec, rC+}
 74536 | Zig:25   | Identified the +1 spear of the Forgotten Princes {venom,
                  | Int+2 Stlth+}
 74541 | Zig:25   | Identified the +0 plate armour of Sloth {Str+2 Stlth+}
 74579 | Zig:26   | Entered Level 26 of a ziggurat
 74632 | Zig:26   | Reached skill level 27 in Fire Magic
 74663 | Zig:26   | Found the +9 scales of the Dragon King {rPois rF+ rC+
                  | Will+}
 74665 | Zig:26   | Found the +2 Maxwell's thermic engine {flame, freeze, rev}
 74683 | Zig:26   | Identified the +4 quarterstaff of Springtime {vamp, rPois
                  | Int+4 Dex-3}
 74686 | Zig:26   | Identified the ring of Disaster {rF+ Will- Str+6 SInv
                  | Stlth+}
 74730 | Zig:26   | Identified the ring "Iteuk" {rCorr Int+3}
 74734 | Zig:26   | Identified the ring "Urghog" {rF+ Str+3 Int+5}
 74738 | Zig:26   | Got the Precepts of Windy Striking
 74739 | Zig:26   | Identified the amulet of the Ant {RegenMP rPois rF+++ rC-
                  | Will+}
 74756 | Zig:26   | Identified the staff of death "Seahixah" {*Slow rElec rN+
                  | Int+3}
 74840 | Zig:27   | Entered Level 27 of a ziggurat
 74909 | Zig:27   | Found the +8 autumn katana {manifold assault}
 74913 | Zig:27   | Found the +10 morningstar "Eos" {elec, Halo rElec}
 74935 | Zig:27   | Identified the +0 robe of Fyichinn {rPois rC++}
 74936 | Zig:27   | Identified the +10 arbalest "Mufudouq" {speed, Fly rCorr
                  | Int-3}
 74940 | Zig:27   | Identified the +3 scale mail of Refuge {rN+ SInv}
 74943 | Zig:27   | Identified the amulet "Bateot" {RegenMP Dex+4}
 74999 | Zig:1    | Entered Level 1 of a ziggurat
 75014 | Zig:2    | Entered Level 2 of a ziggurat
 75035 | Zig:3    | Entered Level 3 of a ziggurat
 75046 | Zig:3    | Identified the +0 chain mail of Articulation {rPois Int+3
                  | Dex+3 Stlth+}
 75053 | Zig:4    | Entered Level 4 of a ziggurat
 75081 | Zig:5    | Entered Level 5 of a ziggurat
 75125 | Zig:5    | Identified the +7 scale mail "Sellauf" {rElec Will++ Str+3
                  | Dex-3}
 75139 | Zig:6    | Entered Level 6 of a ziggurat
 75166 | Zig:7    | Entered Level 7 of a ziggurat
 75190 | Zig:7    | Identified the +0 pair of gloves "Pempinoe" {Drain Will-
                  | Regen+ Dex+8}
 75206 | Zig:8    | Entered Level 8 of a ziggurat
 75234 | Zig:8    | Identified the ring "Dolaryof" {rElec rCorr MP+9 Str-5
                  | Int+3}
 75240 | Zig:8    | Identified the staff of cold "Utwilode" {rC+ rN+ Will-
                  | Int+2 Dex+3}
 75274 | Zig:9    | Entered Level 9 of a ziggurat
 75282 | Zig:9    | Noticed Boyd the pandemonium lord
 75288 | Zig:9    | Killed Boyd the pandemonium lord
 75331 | Zig:9    | Identified the +6 flail "Norait" {drain, rPois}
 75556 | Zig:10   | Entered Level 10 of a ziggurat
 75609 | Zig:10   | Identified the ring of Raiduegh {Wiz +Blink Will- Str+8
                  | SInv}
 75645 | Zig:11   | Entered Level 11 of a ziggurat
 75667 | Zig:11   | Noticed Kabo the pandemonium lord
 75668 | Zig:11   | Killed Kabo the pandemonium lord
 75707 | Zig:11   | Identified the staff of conjuration "Lakuif" {Will+ Dex+3}
 75744 | Zig:12   | Entered Level 12 of a ziggurat
 75752 | Zig:12   | Noticed a juggernaut
 75757 | Zig:12   | Killed a juggernaut
 75809 | Zig:12   | Identified the +9 mace of Nitai {speed, +Blink rF+ Will-
                  | Int+4}
 75810 | Zig:12   | Identified the +2 spear "Siemnem" {freeze, rF+ rC+ Will++}
 75813 | Zig:12   | Identified the +8 quarterstaff of Ambiguity {flame, rC++
                  | MP+9 Dex-5}
 75817 | Zig:12   | Identified the +6 long sword "Ejur" {protect, rElec SInv}
 75834 | Zig:13   | Entered Level 13 of a ziggurat
 75871 | Zig:13   | Identified the +9 broad axe of Agony {heavy, rElec Str+5
                  | Stlth+}
 76081 | Zig:13   | Identified the +9 arbalest "Digomu Turch" {antimagic, rC-
                  | Dex+3}
 76099 | Zig:14   | Entered Level 14 of a ziggurat
 76115 | Zig:14   | Reached skill level 27 in Fighting
 76120 | Zig:14   | Noticed an ancient lich
 76120 | Zig:14   | Killed an ancient lich
 76130 | Zig:14   | Found the +5 glaive of the Guard {elec, spectral, AC+5}
 76149 | Zig:14   | Identified the +7 war axe of the World {flame, *Slow rElec
                  | Int+9}
 76153 | Zig:14   | Identified the +0 shortbow of the Four Visions {heavy, rC++
                  | Will- Int+6}
 76209 | Zig:15   | Entered Level 15 of a ziggurat
 76279 | Zig:15   | Identified the ring "Owesul" {Ice rN+ Int-5 Slay+6}
 76529 | Zig:15   | Identified the +5 leather armour of the Slug {rF- MP+9
                  | Int+4}
 76556 | Zig:16   | Entered Level 16 of a ziggurat
 76623 | Zig:16   | Identified the +1 scale mail of Fallacy {rC- rN+ Dex+6}
 76630 | Zig:16   | Identified the staff of death "Vijy" {rF+ rC+ rN+ Str+3}
 76631 | Zig:16   | Identified the +1 glaive of Attainder {drain, rN+}
 76744 | Zig:16   | Acquired a manual of Staves
 76768 | Zig:17   | Entered Level 17 of a ziggurat
 76801 | Zig:17   | Found the +12 pair of quick blades "Gyre" and "Gimble"
                  | {protect}
 76890 | Zig:17   | Reached skill level 27 in Armour
 76952 | Zig:18   | Entered Level 18 of a ziggurat
 77016 | Zig:18   | Identified the +3 glaive "Tuitwahee" {spect, rPois rN+++
                  | Int-3 SInv}
 77019 | Zig:18   | Identified the +9 scimitar of Law {pain, Dex+6}
 77039 | Zig:18   | Identified the ring "Deujaoc" {Ice *Slow rCorr Int+7}
 77046 | Zig:18   | Identified the +1 pair of gloves of Inexamos {rF+}
 77134 | Zig:19   | Entered Level 19 of a ziggurat
 77223 | Zig:19   | Identified the ring of Benevolence {AC+4 Int+2}
 77239 | Zig:19   | Identified the ring "Wourro" {rC++ Will+ MP+9}
 77343 | Zig:19   | Identified the +5 shortbow of the Pariah {heavy, rPois
                  | rF++}
 77371 | Zig:20   | Entered Level 20 of a ziggurat
 77445 | Zig:20   | Identified the ring of Ekip {Wiz +Blink}
 77446 | Zig:20   | Identified the +7 sling of Aheofann {elec, Int+4}
 77453 | Zig:20   | Identified the ring "Xite" {rPois rF+ rN+ AC+4 Str-5}
 77462 | Zig:20   | Identified the ring "Hauric" {MP+9 SInv}
 77487 | Zig:21   | Entered Level 21 of a ziggurat
 77512 | Zig:21   | Noticed Etauwis the pandemonium lord
 77518 | Zig:21   | Killed Etauwis the pandemonium lord
 77566 | Zig:21   | Identified the +6 demon trident of Fixation {freeze, rN+}
 77571 | Zig:21   | Identified the ring of Warghajuu {rC++ rN+ Str-3}
 77572 | Zig:21   | Identified the ring of Fragile Peace {rF- rC+++ rN+++ MP+9
                  | Dex-4}
 77576 | Zig:21   | Identified the +10 war axe "Widowermaker" {freeze, rElec
                  | rC- rN+ Str+2}
 77577 | Zig:21   | Identified the staff of poison "Hayhiky" {rElec rPois
                  | Int+4}
 77606 | Zig:22   | Entered Level 22 of a ziggurat
 77688 | Zig:22   | Identified the +8 chain mail of Homolis {+Inv Fly Str-5
                  | Stlth-}
 77691 | Zig:22   | Identified the staff of death "Yrapsuqo" {rC+ rN+ Dex+5}
 77702 | Zig:22   | Identified the +1 hand axe of Uncertain Death {heavy,
                  | *Corrode rN+ Str+3}
 77715 | Zig:22   | Identified the +1 shortbow "Biakuira" {drain, rElec Stlth+}
 77795 | Zig:23   | Entered Level 23 of a ziggurat
 77813 | Zig:23   | Noticed an ancient lich
 77815 | Zig:23   | Killed an ancient lich
 77816 | Zig:23   | Reached skill level 27 in Polearms
 77821 | Zig:23   | Reached skill level 15 in Dodging
 77860 | Zig:23   | Identified the quicksilver dragon scales of Hirelyb {Will+
                  | Regen+ Dex+3}
 77886 | Zig:23   | Identified the ring of the Magpie {rN+ Will- Int+5 Dex-4
                  | Stlth+}
 77927 | Zig:23   | Identified the ring of the Median {*Slow rCorr Str+8 Slay+4
                  | SInv}
 77945 | Zig:23   | Identified the ring of Dithmenos's Regard {*Slow Fly rN+
                  | Int+2 Dex+3}
 78030 | Zig:24   | Entered Level 24 of a ziggurat
 78086 | Zig:24   | Found the dreamshard necklace {*Dream Drain}
 78107 | Zig:24   | Identified the +7 whip "Goat" {spect, rElec rPois Will+}
 78108 | Zig:24   | Identified the staff of cold "Ingudur" {rC+ rCorr Dex+3
                  | Stlth+}
 78110 | Zig:24   | Identified the ring of Springtime {Dex+2 SInv}
 78112 | Zig:24   | Identified the +0 hand axe "Xyxus" {heavy, rPois rN++ Str+3
                  | Dex-5}
 78114 | Zig:24   | Identified the +6 dagger of a sewer {drain, *Noise rPois
                  | rF++ rC+}
 78117 | Zig:24   | Identified the +3 shortbow of Trauma {drain, rPois rF+
                  | Int+3}
 78123 | Zig:24   | Identified the +3 great sword of Excruciating Pain {heavy,
                  | rC+ rN+}
 78124 | Zig:24   | Identified the staff of air "Reghis" {Drain rElec Int+7}
 78135 | Zig:24   | Identified the +2 robe "Simom" {rC- rN+ Str+4 Dex+2}
 78138 | Zig:24   | Identified the +2 scale mail of Grace {rPois}
 78167 | Zig:25   | Entered Level 25 of a ziggurat
 78233 | Zig:25   | Found the macabre finger necklace {Finger+ rN+}
 78260 | Zig:25   | Identified the +2 leather armour of Vehumet's Supremacy
                  | {Harm Str+3}
 78264 | Zig:25   | Identified the ring "Roown" {rPois Will+ Str-4 Int+3}
 78272 | Zig:25   | Identified the staff of conjuration "Teof" {rPois}
 78282 | Zig:25   | Identified the +4 flail of the Boiling Point {elec, Str+3
                  | Dex+4}
 78394 | Zig:26   | Entered Level 26 of a ziggurat
 78411 | Zig:26   | Noticed a dread lich
 78413 | Zig:26   | Killed a dread lich
 78471 | Zig:26   | Identified the ring "Jyuqa" {Wiz rCorr Str+2 Dex+2 Stlth+}
 78664 | Zig:27   | Entered Level 27 of a ziggurat
 78697 | Zig:27   | Noticed Nososaem the pandemonium lord
 78701 | Zig:27   | Killed Nososaem the pandemonium lord
 78764 | Zig:27   | Acquired a manual of Stealth
 78766 | Zig:27   | Identified the staff of poison "Vuesin" {rPois Str+3}
 78767 | Zig:27   | Identified the staff of cold "Keot" {+Blink rC+ rN+ Dex+2}
 78770 | Zig:27   | Identified the ring of the Queen {rF+ Int+6}
 78844 | Zig:27   | Identified the +5 short sword of Uskayaw's Castigation
                  | {drain, *Noise rN+ Str+2 Int+5}
 78846 | Zig:27   | Identified the amulet of Gluttony {Reflect Fragile rPois
                  | rN+ Int+3 SH+5}
 78862 | Zig:27   | Identified the +1 scale mail of the Twelve Stories {rPois
                  | Will+ Slay+3}
 79213 | Slime:1  | Entered Level 1 of the Pits of Slime
 79216 | Slime:1  | Reached skill level 27 in Dodging
 79231 | Slime:1  | Reached skill level 1 in Axes
 79231 | Slime:1  | Reached skill level 1 in Maces & Flails
 79231 | Slime:1  | Reached skill level 1 in Staves
 79231 | Slime:1  | Reached skill level 1 in Air Magic
 79659 | Slime:4  | Reached skill level 5 in Air Magic
 79695 | Slime:5  | Entered Level 5 of the Pits of Slime
 79764 | Slime:5  | Paralysed by a floating eye for 3 turns
 79796 | Slime:5  | Found a viscous altar of Jiyva.
 79854 | Slime:5  | Noticed the Royal Jelly
 79858 | Slime:5  | Killed the Royal Jelly
 79859 | Slime:5  | Reached skill level 10 in Air Magic
 79924 | Slime:5  | Identified the +0 cloak "Ojadin" {rN+ rCorr Dex+2 Slay+6}
 79938 | Slime:5  | Identified the ring "Duwoozus" {Will+ Dex+2}
 79941 | Slime:5  | Identified the +5 spear of Lecie {flame, Int+3}
 79965 | Slime:5  | Identified the +8 long sword "Lewepid" {elec, Fly rN+ Int+3
                  | Dex+4}
 79967 | Slime:5  | Got a slimy rune of Zot
 79995 | Slime:5  | Identified the +0 robe "Ajius" {Dex+4 Slay-5}
 79996 | Slime:5  | Identified the ring "Kissobbo" {AC+4 Int+3 Stlth+}
 80591 | Depths:3 | Voluntarily entered the Abyss.
 80841 | Abyss:3  | Found a corrupted altar of Lugonu.
 81113 | Abyss:4  | Got an abyssal rune of Zot
 81120 | Depths:3 | Escaped the Abyss
 81216 | Tar:1    | Entered Level 1 of Tartarus
 81256 | Geh:1    | Entered Level 1 of Gehenna
 82012 | Geh:4    | You are sucked into a shaft and drop 2 floors!
 82039 | Geh:7    | Entered Level 7 of Gehenna
 82159 | Geh:7    | Reached skill level 15 in Air Magic
 82867 | Geh:7    | Found the +7 sceptre of Asmodeus
 82867 | Geh:7    | Identified the ring "Ygranywk" {rPois rC+ Str+6}
 82867 | Geh:7    | Noticed Asmodeus
 82875 | Geh:7    | Killed Asmodeus
 82915 | Geh:7    | Identified the +0 battleaxe "Kocuox" {holy, Contam rF++}
 82919 | Geh:7    | Got an obsidian rune of Zot
 82990 | Geh:7    | Identified the +10 falchion of Ihuorhal {heavy, rN+ Str-5
                  | Int+3}
 83232 | Pan      | Entered Pandemonium
 83238 | Pan      | Noticed Meschilan the pandemonium lord
 83243 | Pan      | Killed Meschilan the pandemonium lord
 83357 | Pan      | Found an exit through the horrors of the Abyss.
 84017 | Pan      | Noticed Fogonih the pandemonium lord
 84025 | Pan      | Killed Fogonih the pandemonium lord
 84205 | Pan      | Found a runed translucent door.
 84224 | Pan      | Noticed Tuproj the pandemonium lord
 84225 | Pan      | Found a runed translucent door.
 84226 | Pan      | Found a runed translucent door.
 84237 | Pan      | Killed Tuproj the pandemonium lord
 84293 | Pan      | Found a runed translucent door.
 84972 | Pan      | Entered the realm of Cerebov.
 85220 | Pan      | Identified the ring of the Distant Future {Ice rCorr}
 85221 | Pan      | Found the +6 sword of Cerebov {flame}
 85221 | Pan      | Noticed Cerebov
 85233 | Pan      | Identified the +4 flail of Integrity {venom, rElec}
 85233 | Pan      | Identified the ring "Tamanlamu" {rElec rF+ SInv}
 85234 | Pan      | Identified the ring of Butchery {rPois Str+3}
 85236 | Pan      | Killed Cerebov
 85309 | Pan      | Got a fiery rune of Zot
 85326 | Pan      | Identified the +10 sling of Cataclysm {speed, *Slow rN++}
 85369 | Pan      | Identified the ring of Oleckar {Fly Str+6}
 85452 | Pan      | Identified the +0 plate armour of Sufficient Birdsong
                  | {rElec rF+}
 85481 | Pan      | Identified the +1 leather armour "Govidghyo" {rN+++ Str+3
                  | Dex+4 Slay-2}
 85482 | Pan      | Identified the +8 dagger "Gilaq" {venom, rElec rPois
                  | Will+++ Dex-5}
 85487 | Pan      | Identified the +1 chain mail "Synaocwa" {Will+ SInv}
 85617 | Pan      | Entered the realm of Mnoleg.
 85617 | Pan      | Noticed Mnoleg
 85623 | Pan      | Killed Mnoleg
 85969 | Pan      | Found an exit through the horrors of the Abyss.
 86276 | Pan      | Got a glowing rune of Zot
 86810 | Pan      | Identified the +0 scale mail of the Stonemason {Int+5}
 86860 | Pan      | Identified the ring "Vaaxam" {Fire Str+3}
 86865 | Pan      | Entered the realm of Gloorx Vloq.
 86887 | Pan      | Noticed Gloorx Vloq
 86903 | Pan      | Killed Gloorx Vloq
 86995 | Pan      | Got a dark rune of Zot
 87779 | Pan      | Noticed Muagran the pandemonium lord
 87783 | Pan      | Killed Muagran the pandemonium lord
 87828 | Pan      | Noticed Ignacio
 87833 | Pan      | Killed Ignacio
 87838 | Pan      | Noticed Nebele the pandemonium lord
 87852 | Pan      | Killed Nebele the pandemonium lord
 88183 | Pan      | Entered the realm of Lom Lobon.
 88380 | Pan      | Noticed Lom Lobon
 88404 | Pan      | Killed Lom Lobon
 88716 | Pan      | Got a magical rune of Zot
 89065 | Pan      | Found an exit through the horrors of the Abyss.
 89349 | Pan      | Noticed Qosism the pandemonium lord
 89351 | Pan      | Killed Qosism the pandemonium lord
 89365 | Pan      | Noticed Bih Qoal the pandemonium lord
 89367 | Pan      | Killed Bih Qoal the pandemonium lord
 89367 | Pan      | Found an exit through the horrors of the Abyss.
 89369 | Pan      | Reached skill level 27 in Air Magic
 89371 | Pan      | Reached skill level 1 in Long Blades
 89589 | Pan      | Found an exit through the horrors of the Abyss.
 89601 | Pan      | Reached skill level 5 in Long Blades
 89738 | Pan      | Noticed Xualut the pandemonium lord
 89746 | Pan      | Killed Xualut the pandemonium lord
 90617 | Pan      | Got a demonic rune of Zot
 90670 | Pan      | Took an exit into the Abyss.
 90670 | Abyss:4  | Escaped into the Abyss
 90670 | Abyss:4  | Found a corrupted altar of Lugonu.
 90736 | Abyss:4  | Reached skill level 10 in Long Blades
 90780 | Depths:1 | Escaped the Abyss
 90871 | Zig:1    | Entered Level 1 of a ziggurat
 90871 | Zig:1    | Noticed a royal mummy
 90875 | Zig:1    | Killed a royal mummy
 90893 | Zig:2    | Entered Level 2 of a ziggurat
 90916 | Zig:3    | Entered Level 3 of a ziggurat
 90957 | Zig:4    | Entered Level 4 of a ziggurat
 90961 | Zig:4    | Noticed an ancient lich
 90964 | Zig:4    | Killed an ancient lich
 90995 | Zig:5    | Entered Level 5 of a ziggurat
 90997 | Zig:5    | Noticed a royal mummy
 91002 | Zig:5    | Killed a royal mummy
 91017 | Zig:5    | Identified the amulet of Hifeimekk {Rampage rN+ Regen+
                  | Str-3}
 91026 | Zig:6    | Entered Level 6 of a ziggurat
 91029 | Zig:6    | Noticed Turearas the pandemonium lord
 91036 | Zig:6    | Killed Turearas the pandemonium lord
 91059 | Zig:6    | Identified the +8 mace of the Twenty Servitors {venom, rF+
                  | Stlth+}
 91062 | Zig:6    | Identified the amulet "Suzue" {RegenMP Fly rF+}
 91071 | Zig:6    | Identified the +5 scale mail of the Guardian {Str+2}
 91072 | Zig:6    | Identified the +2 great sword of the Dwarven Hall {freeze,
                  | rElec rPois Str-2 Dex+4}
 91103 | Zig:6    | Learned a level 9 spell: Chain Lightning
 91112 | Zig:6    | Learned a level 8 spell: Lehudib's Crystal Spear
 91113 | Zig:7    | Entered Level 7 of a ziggurat
 91117 | Zig:7    | Noticed a dread lich
 91118 | Zig:7    | Noticed an ancient lich
 91118 | Zig:7    | Noticed an ancient lich
 91119 | Zig:7    | Noticed a dread lich
 91121 | Zig:7    | Killed a dread lich
 91122 | Zig:7    | Killed an ancient lich
 91122 | Zig:7    | Killed an ancient lich
 91124 | Zig:7    | Killed a dread lich
 91125 | Zig:7    | Reached skill level 15 in Long Blades
 91147 | Zig:7    | Identified the ring of Doubts {rElec AC+4 Dex+3}
 91150 | Zig:7    | Identified the +8 glaive of Fear Horeass {heavy, Str+2}
 91155 | Zig:7    | Identified the ring "Dogakkuu" {rElec rPois rN+ MP+9}
 91165 | Zig:8    | Entered Level 8 of a ziggurat
 91186 | Zig:8    | Found the +16 obsidian axe {drain, demonic, Mesm Drain Fly
                  | SInv}
 91203 | Zig:8    | Identified the staff of air "Veruh" {rElec rC- MP+9 Int+6}
 91211 | Zig:9    | Entered Level 9 of a ziggurat
 91242 | Zig:9    | Identified the ring "Nathy" {AC+4 SInv}
 91260 | Zig:9    | Identified the staff of fire "Hutuzist" {rF+ rC+ Dex+3}
 91282 | Zig:10   | Entered Level 10 of a ziggurat
 91316 | Zig:10   | Identified the +5 battleaxe of Objectivity {antimagic,
                  | Drain Fly Will+}
 91341 | Zig:11   | Entered Level 11 of a ziggurat
 91395 | Zig:11   | Identified the +5 spear "Mobyarr" {venom, +Blink rPois
                  | Int+2 SInv}
 91419 | Zig:11   | Identified the +2 pair of gloves of the Foremost Xeniums
                  | {rN+ SInv}
 91586 | Zig:12   | Entered Level 12 of a ziggurat
 91652 | Zig:12   | Identified the +3 mace of Dithmenos's Grace {flame, Drain
                  | rPois Int+3 SInv}
 91654 | Zig:12   | Acquired 795 gold pieces
 91684 | Zig:13   | Entered Level 13 of a ziggurat
 91729 | Zig:13   | Identified the ring "Duoc Dei" {Will+ Int+3}
 91733 | Zig:13   | Identified the ring of Symoutob {Fly rCorr Str+4 Int-5
                  | SInv}
 91739 | Zig:13   | Identified the staff of conjuration "Qughiq" {rCorr}
 91751 | Zig:13   | Identified the ring "Boxy" {rF+ rN+ rCorr}
 91752 | Zig:13   | Identified the +5 shortbow of Crawling {flame, rElec rF+
                  | Dex+2 SInv}
 91787 | Zig:14   | Entered Level 14 of a ziggurat
 91864 | Zig:14   | Found the +4 consecrated labrys {holy, Valiant Fragile Fly
                  | SInv}
 91870 | Zig:14   | Identified the +9 spear "Xaodgh" {holy, rC+ Will+ Int+3
                  | Dex+3}
 91888 | Zig:14   | Identified the ring "Logo" {rPois rN+++ Str+6 Int+3 Dex-5}
 91932 | Zig:15   | Entered Level 15 of a ziggurat
 91965 | Zig:15   | Found the +7 Spriggan's Knife {stab, EV+4 Stlth+}
 91976 | Zig:15   | Identified the +11 crystal plate armour "Puyd Gin" {-Cast
                  | Str+2 Dex+9}
 91997 | Zig:15   | Acquired 1306 gold pieces
 92018 | Zig:16   | Entered Level 16 of a ziggurat
 92087 | Zig:16   | Identified the ring "Nyjo Heex" {+Blink rN+ Will++ MP+9
                  | Int-2}
 92089 | Zig:16   | Identified the +4 dire flail of Oskyjaul {venom, *Noise
                  | Int+6}
 92090 | Zig:16   | Identified the +10 plate armour of Uskayaw's Esteem
                  | {Stlth+}
 92126 | Zig:16   | Identified the +2 hat of Viesk {-Cast rF+++ Int-4 Slay+5}
 92140 | Zig:17   | Entered Level 17 of a ziggurat
 92166 | Zig:17   | Reached skill level 27 in Long Blades
 92167 | Zig:17   | Reached skill level 1 in Evocations
 92188 | Zig:17   | Identified the +1 scimitar of the Wizarding Gods {speed,
                  | rC+ Str+3 Dex-2 SInv}
 92189 | Zig:17   | Identified the +1 leather armour of the Salamander {MP+9}
 92200 | Zig:17   | Identified the +2 trident of Ravage {vamp, rC+ Str+3 Int-2
                  | Dex+3}
 92207 | Zig:17   | Reached skill level 5 in Axes
 92207 | Zig:17   | Reached skill level 5 in Evocations
 92213 | Zig:17   | Identified the +5 quick blade of Annihilation {distort,
                  | Int+3}
 92230 | Zig:18   | Entered Level 18 of a ziggurat
 92287 | Zig:18   | Found the +2 hood of the Assassin {Detect Stab+ Stlth++}
 92289 | Zig:18   | Found the +2 pair of slick slippers {slick, slippery, EV+4}
 92306 | Zig:18   | Identified the +4 plate armour "Onogi" {Harm rPois rN+
                  | Slay-2}
 92323 | Zig:18   | Identified the ring of Qazi {EV+5 Dex+2 Stlth+}
 92325 | Zig:18   | Identified the staff of earth "Vokemups" {Str-4 Int+3
                  | Stlth+}
 92432 | Zig:18   | Identified the +7 flail "Syerr" {heavy, rC+ Int+3 SInv}
 92477 | Zig:19   | Entered Level 19 of a ziggurat
 92496 | Zig:19   | Reached skill level 10 in Evocations
 92499 | Zig:19   | Reached skill level 10 in Axes
 92520 | Zig:19   | Found the +8 storm bow {elec, penet}
 92543 | Zig:19   | Identified the ring of Vodka {Fire Str+7}
 92552 | Zig:19   | Got Ugifa's Incunabulum of Summoning
 92556 | Zig:19   | Identified the +1 scale mail of the Swamp {Harm Int+8}
 92563 | Zig:19   | Identified the +6 halberd of Day {venom, rC+ rCorr Str+5}
 92566 | Zig:19   | Identified the +7 shortbow of Doom {speed, Int+5}
 92573 | Zig:19   | Identified the +0 pair of gloves of Repulsion {Int+2}
 92574 | Zig:19   | Identified the +9 mace of Lies {elec, +Blink rElec Str+7
                  | Int-2}
 92584 | Zig:19   | Identified the ring of Juanaz {rElec rC+}
 92627 | Zig:20   | Entered Level 20 of a ziggurat
 92651 | Zig:20   | Noticed a dread lich
 92653 | Zig:20   | Killed a dread lich
 92653 | Zig:20   | Noticed a dread lich
 92654 | Zig:20   | Noticed an ancient lich
 92655 | Zig:20   | Killed a dread lich
 92655 | Zig:20   | Killed an ancient lich
 92655 | Zig:20   | Noticed an ancient lich
 92657 | Zig:20   | Killed an ancient lich
 92658 | Zig:20   | Noticed a dread lich
 92659 | Zig:20   | Noticed a dread lich
 92659 | Zig:20   | Noticed an ancient lich
 92660 | Zig:20   | Killed a dread lich
 92661 | Zig:20   | Reached skill level 15 in Evocations
 92661 | Zig:20   | Killed a dread lich
 92661 | Zig:20   | Killed an ancient lich
 92710 | Zig:20   | Identified the +1 morningstar of Agony {drain, rN+ rCorr}
 92728 | Zig:20   | Identified the ring "Zakiuzyq" {+Blink MP+9 Int+2}
 92729 | Zig:20   | Identified the +1 shortbow "Faggieso" {flame, SInv}
 92734 | Zig:20   | Identified the +1 scale mail of Pathos {Regen+ Str+2 Int+3}
 92740 | Zig:20   | Identified the staff of earth "Duruw" {rC+ Str-5 Int+2
                  | Dex+3}
 92741 | Zig:20   | Identified the +0 chain mail of Ciutuobb {Fly rElec Int-3
                  | Dex+3}
 92782 | Zig:21   | Entered Level 21 of a ziggurat
 92799 | Zig:21   | Noticed an ancient lich
 92801 | Zig:21   | Killed an ancient lich
 92802 | Zig:21   | Reached skill level 15 in Axes
 92810 | Zig:21   | Noticed an ancient lich
 92812 | Zig:21   | Killed an ancient lich
 92872 | Zig:21   | Identified the ring "Nirchips" {rElec rC+ Will+ Str+4
                  | Dex+3}
 92973 | Zig:21   | Identified the +7 falchion of the Bashing Gods {flame, rF+
                  | rN+ Will++}
 92980 | Zig:21   | Identified the +4 chain mail of Makhleb's Delight {Dex+4
                  | Stlth+}
 92984 | Zig:21   | Identified the +7 broad axe of Ynuuthad {freeze, rElec rC+
                  | Str+3}
 92988 | Zig:21   | Identified the +3 shortbow of the Enfolding Augurer {heavy,
                  | Int-4 Dex+3 SInv}
 93000 | Zig:22   | Entered Level 22 of a ziggurat
 93025 | Zig:22   | Noticed an ancient lich
 93025 | Zig:22   | Noticed an ancient lich
 93026 | Zig:22   | Noticed an ancient lich
 93035 | Zig:22   | Killed an ancient lich
 93035 | Zig:22   | Killed an ancient lich
 93038 | Zig:22   | Killed an ancient lich
 93041 | Zig:22   | Noticed an ancient lich
 93044 | Zig:22   | Killed an ancient lich
 93046 | Zig:22   | Noticed an ancient lich
 93048 | Zig:22   | Killed an ancient lich
 93079 | Zig:22   | Identified the +1 buckler of Xoseec {MP+9}
 93084 | Zig:22   | Identified the +10 spear of Resourcefulness {antimagic,
                  | Str+2}
 93087 | Zig:22   | Identified the ring "Tewkoete" {rC- Int+6 Dex+5}
 93136 | Zig:22   | Identified the staff of poison "Beenloni" {rPois Str+3}
 93144 | Zig:23   | Entered Level 23 of a ziggurat
 93398 | Zig:23   | Identified the +3 flail of Doom {venom, MP+9 Int+7}
 93410 | Zig:23   | Identified the amulet "Ohosum" {Acrobat rPois rN+ Stlth+}
 93412 | Zig:23   | Identified the staff of earth "Voegiepn" {*Corrode rC-
                  | Dex+10 Stlth+}
 93413 | Zig:23   | Identified the staff of cold "Heumam" {rPois rC+ Dex+4}
 93414 | Zig:23   | Identified the +4 falchion of Benevolence {freeze, Str+4
                  | Dex-5}
 93417 | Zig:23   | Identified the +2 quick blade "Hanebips" {venom, Str+3
                  | Int-3 Stlth+}
 93418 | Zig:23   | Identified the staff of conjuration "Exuem" {Str+7}
 93419 | Zig:23   | Identified the +4 war axe of the Magic Mushroom {protect,
                  | Int+3}
 93426 | Zig:24   | Entered Level 24 of a ziggurat
 93502 | Zig:24   | Found the +1 Delatra's gloves {ID++}
 93503 | Zig:24   | Found the +8 Vampire's Tooth {megavamp}
 93523 | Zig:24   | Identified the ring of the Genius {rElec EV+5 Int+2 Dex-3}
 93525 | Zig:24   | Identified the ring "Cighoif" {Drain rC+ rN+ rCorr Int+3}
 93528 | Zig:24   | Identified the ring of Jaagh {rPois rC+ rN+ Str-3 Int+3}
 93535 | Zig:24   | Identified the +2 shortbow "Noumm" {drain, Fragile rN++
                  | Int+3 SInv}
 93539 | Zig:24   | Identified the +6 halberd "Haemyniv" {heavy, Drain rC++
                  | rCorr Dex+2}
 93541 | Zig:24   | Identified the +9 flail "Velunyon" {venom, Dex+3}
 93543 | Zig:24   | Identified the +1 falchion "Otoangyrgh" {holy, *Rage Int+4}
 93571 | Zig:25   | Entered Level 25 of a ziggurat
 93616 | Zig:25   | Noticed Rioteati the pandemonium lord
 93618 | Zig:25   | Killed Rioteati the pandemonium lord
 93702 | Zig:25   | Found the Hermit's Pendant {Faith Invo=14 Evo=0 MP+5}
 93703 | Zig:25   | Found the +3 pair of mountain boots {steadfast, rC+}
 93718 | Zig:25   | Reached skill level 27 in Evocations
 93721 | Zig:25   | Identified the ring "Johiazuo" {Ice +Blink rElec SInv}
 93725 | Zig:25   | Identified the staff of poison "Nioqav" {rPois Str+3 Int+2}
 93729 | Zig:25   | Identified the staff of fire "Guarghat" {rF+ Str+2}
 93735 | Zig:25   | Identified the staff of fire "Zupn" {rElec rF+ Str-5 Int+3}
 93744 | Zig:25   | Identified the staff of earth "Cotoa" {rElec rCorr Dex+3}
 93751 | Zig:25   | Identified the +3 leather armour "Biklit" {rF+}
 93797 | Zig:26   | Entered Level 26 of a ziggurat
 93816 | Zig:26   | Reached skill level 5 in Stealth
 93828 | Zig:26   | Reached skill level 10 in Stealth
 93841 | Zig:26   | Reached skill level 15 in Stealth
 93902 | Zig:26   | Found the +3 robe of Clouds {*Thunder rCloud rElec}
 93910 | Zig:26   | Identified the +1 robe of the Amoeba {Regen+ Dex+2}
 93919 | Zig:26   | Identified the ring "Anovvem" {rF+ Will+ Str+2 Stlth+}
 93920 | Zig:26   | Identified the ring of Midwinter {Wiz rF+ Will+ Str+2 SInv}
 93939 | Zig:26   | Identified the ring "Apricwe" {rPois rF+ Int+3}
 93995 | Zig:27   | Entered Level 27 of a ziggurat
 94006 | Zig:27   | Noticed a juggernaut
 94008 | Zig:27   | Noticed a juggernaut
 94009 | Zig:27   | Killed a juggernaut
 94011 | Zig:27   | Killed a juggernaut
 94013 | Zig:27   | Noticed a juggernaut
 94015 | Zig:27   | Noticed a juggernaut
 94016 | Zig:27   | Killed a juggernaut
 94017 | Zig:27   | Noticed a juggernaut
 94017 | Zig:27   | Noticed a juggernaut
 94018 | Zig:27   | Killed a juggernaut
 94018 | Zig:27   | Noticed a juggernaut
 94019 | Zig:27   | Killed a juggernaut
 94020 | Zig:27   | Killed a juggernaut
 94020 | Zig:27   | Killed a juggernaut
 94021 | Zig:27   | Noticed a juggernaut
 94022 | Zig:27   | Noticed a juggernaut
 94023 | Zig:27   | Noticed a juggernaut
 94025 | Zig:27   | Killed a juggernaut
 94025 | Zig:27   | Noticed a juggernaut
 94025 | Zig:27   | Killed a juggernaut
 94026 | Zig:27   | Killed a juggernaut
 94027 | Zig:27   | Killed a juggernaut
 94028 | Zig:27   | Noticed a juggernaut
 94028 | Zig:27   | Noticed a juggernaut
 94030 | Zig:27   | Killed a juggernaut
 94031 | Zig:27   | Killed a juggernaut
 94032 | Zig:27   | Noticed a juggernaut
 94033 | Zig:27   | Noticed a juggernaut
 94035 | Zig:27   | Killed a juggernaut
 94036 | Zig:27   | Killed a juggernaut
 94036 | Zig:27   | Noticed a juggernaut
 94039 | Zig:27   | Killed a juggernaut
 94078 | Zig:27   | Found the ring of the Octopus King
 94082 | Zig:27   | Identified the +2 scale mail of a Million Beggars {rC++
                  | rCorr Str-4 SInv}
 94094 | Zig:27   | Identified the staff of air "Okisuigu" {Drain rElec rPois
                  | rC+ MP+9}
 94097 | Zig:27   | Identified the +0 helmet of the Fresh God {rN+ MP+9}
 94106 | Zig:27   | Identified the +0 scale mail of Lioppouq {rF+ Str+5 Dex-3}
 94110 | Zig:27   | Identified a ring of the Octopus King {rF+ HP+2 AC+2 EV+2
                  | SH+2}
 94123 | Zig:27   | Identified the +0 double sword of Might {heavy, rF+ SInv}
 94134 | Zig:27   | Identified the staff of cold "Ungiogoe" {Fragile rC+ Will+
                  | rCorr Dex+3}
 94794 | Tar:3    | HP: 11/246 [Tzitzimitl/dispel undead[a doom hound] (25)]
 94799 | Tar:3    | HP: 11/249 [poisoned by a reaper]
 94892 | Tar:3    | You fall into a shaft and drop 2 floors!
 95021 | Tar:5    | Noticed a dread lich
 95021 | Tar:5    | Noticed a dread lich
 95021 | Tar:5    | Noticed an ancient lich
 95022 | Tar:5    | Noticed an ancient lich
 95022 | Tar:5    | Noticed an ancient lich
 95023 | Tar:5    | Killed an ancient lich
 95023 | Tar:5    | Killed an ancient lich
 95023 | Tar:5    | Noticed an ancient lich
 95023 | Tar:5    | Noticed an ancient lich
 95024 | Tar:5    | Killed a dread lich
 95024 | Tar:5    | Killed an ancient lich
 95024 | Tar:5    | Killed a dread lich
 95024 | Tar:5    | Killed an ancient lich
 95024 | Tar:5    | Noticed a dread lich
 95025 | Tar:5    | Killed an ancient lich
 95026 | Tar:5    | Killed a dread lich
 95518 | Tar:7    | Entered Level 7 of Tartarus
 95534 | Tar:7    | Noticed an ancient lich
 95536 | Tar:7    | Killed an ancient lich
 95537 | Tar:7    | Noticed an ancient lich
 95543 | Tar:7    | Found the +0 mask of the Dragon {Will+ Slay+3 SInv}
 95547 | Tar:7    | Killed an ancient lich
 95558 | Tar:7    | Reached skill level 27 in Stealth
 95558 | Tar:7    | Reached skill level 1 in Throwing
 95595 | Tar:7    | Reached skill level 5 in Throwing
 95756 | Tar:7    | Noticed Ereshkigal
 95908 | Tar:7    | Killed Ereshkigal
 96045 | Tar:7    | Got a bone rune of Zot
 96141 | Tar:7    | Noticed a dread lich
 96158 | Tar:7    | Killed a dread lich
 96162 | Tar:7    | Reached skill level 10 in Throwing
 96418 | Zot:3    | Killed a dread lich
 96419 | Zot:3    | Killed an ancient lich
 96419 | Zot:3    | Killed a dread lich
 96421 | Zot:3    | Killed Monuoraozee's ghost
 96422 | Zot:3    | Killed Zuol's ghost
 96450 | Zot:3    | Identified the ring "Ingau" {EV+5 Str+5 Stlth+}
 96455 | Zot:3    | Identified the +0 hat "Geddecle" {rC- Str+8}
 96873 | Zot:4    | Found the +2 hat of the Bear Spirit {Spirit, Bear, *Rage
                  | Will++}
 97247 | Zot:5    | Entered Level 5 of the Realm of Zot
 97690 | Zot:5    | Noticed an ancient lich
 97692 | Zot:5    | Noticed a dread lich
 97694 | Zot:5    | Killed an ancient lich
 97695 | Zot:5    | Killed a dread lich
 97714 | Zot:5    | Noticed an ancient lich
 97716 | Zot:5    | Killed an ancient lich
 97729 | Zot:5    | Reached skill level 15 in Throwing
 97752 | Zot:5    | Noticed an orb of fire
 97757 | Zot:5    | Killed an orb of fire
 97889 | Zot:5    | Noticed an orb of fire
 97894 | Zot:5    | Killed an orb of fire
 97902 | Zot:5    | Noticed an orb of fire
 97910 | Zot:5    | Killed an orb of fire
 98011 | Zot:5    | Noticed an ancient lich
 98018 | Zot:5    | Killed an ancient lich
 98219 | Zot:5    | Got the Orb of Zot
 98306 | Zot:4    | Noticed Foffo the pandemonium lord
 98310 | Zot:4    | Killed Foffo the pandemonium lord
 98387 | Zot:1    | Noticed Jurheppuakla the pandemonium lord
 98389 | Zot:1    | Killed Jurheppuakla the pandemonium lord
 98442 | Depths:4 | Noticed Onuon the pandemonium lord
 98953 | D:$      | Escaped with the Orb!

Illustrated notes

Levels and vault maps discovered:
D:1:      mushboom_english_gardens, layout_loops_corners,
          ebering_dispersal_statue_hall
D:2:      layout_loops_ring, basic_ecumenical_altar
D:3:      layout_loops_ring
D:4:      layout_basic, temple_green
D:5:      layout_layer_cave, mainiacjoe_overflow_alcove_1
D:6:      minmay_klotski, layout_loops_ring, portal_sewer_entry_d
D:7:      layout_cave_pods, nicolae_uskayaw_en_pointe, serial_gnoll_camp,
          gnoll_camp_mini_shop, gnoll_camp_mini_basic, gnoll_camp_mini_hut,
          gnoll_camp_mini_house, nicolae_shop_fire_sale [nicolae_sub_dead_trees]
D:8:      layout_basic, serial_glass, glass_columns_a, glass_columns_b,
          minmay_fractal_squares_diagonal_5
D:9:      layout_long_grid, nicolae_overflow_hallway_of_the_gods, uniq_pikel
D:10:     layout_basic, zombieorc1_lemuel, minmay_fire_ice_demons
D:11:     layout_basic, david_lair_shrubbed, serial_rivers,
          chequers_serial_rivers_small_b, chequers_serial_rivers_small_b,
          chequers_serial_rivers_small_3, chequers_serial_rivers_large_a,
          chequers_serial_rivers_small_a, chequers_serial_rivers_marsh,
          solitary_fountain, uniq_erica
D:12:     layout_irregular_city, enter_trove_0
D:13:     layout_roguey [special_room_orc],
          nicolae_gozag_cash_rules_everything_around_me, uniq_lodul, uniq_kirke
D:14:     layout_irregular_city, erik_vaults_2, minmay_misc_feat_chi,
          uniq_roxanne, uniq_agnes
D:15:     grunt_enter_depths_snipers, layout_loops_corners, fedhas_altar_3,
          nicolae_tso_swordbearing_angel
Temple:   nicolae_temple_bog_church
Lair:1:   layout_chaotic_city, ebering_ghost_reflecting_pool,
          chequers_serial_rivers_room_b, serial_bayou_shore_b
Lair:2:   layout_long_grid, nicolae_snake_entry_warm_welcome,
          nicolae_volcano_entry_batcave, nicolae_lair_liquid_snakes,
          grunt_megastairs_1
Lair:3:   layout_misc_corridors, minmay_shoals_entry_beasts, uniq_nessos,
          uniq_amaemon
Lair:4:   layout_cave_pods, nicolae_slime_entry_field_trip, serial_bayou_pond_d,
          infiniplex_staircase_pool, serial_bayou_shore_b, grunt_megastairs_2
Lair:5:   gammafunk_lair_ancient_temple, layout_hall_layers,
          serial_bayou_lake_a, serial_bayou_shore_a, uniq_urug
Shoals:1: layout_shoals, gammafunk_ghost_tricky_traps
Shoals:2: layout_shoals, serial_shops, nicolae_take_the_stairs,
          nicolae_shoals_arrival_archipelago
Shoals:3: layout_shoals, serial_shops, nicolae_shop_statue_plus, uniq_ilsuiw
Shoals:4: shoals_end_grunt_ice, layout_shoals, uniq_polyphemus
Snake:1:  layout_gridlike, portal_ice_cave_entry_pillars_2,
          serial_bayou_shore_b, lemuel_fruit_tree, uniq_jorgrun
Snake:2:  nicolae_sea_snake_s, layout_misc_corridors
Snake:3:  layout_chambers, nicolae_shop_self_help
Snake:4:  johnstein_snake_rune_scales, layout_onion_interference,
          gammafunk_ghost_necromancy, grunt_ministairs_2, minmay_shoptagon
Slime:1:  layout_caves
Slime:2:  layout_caves
Slime:3:  layout_caves
Slime:4:  layout_caves
Slime:5
Orc:1:    layout_diamond_mine
Orc:2:    grunt_orc_cross, layout_diamond_mine, serial_shops, shop
Elf:1:    elf_arrival_002, layout_gridlike, serial_shops, shop, minivault_28,
          uniq_asterion
Elf:2:    elven_hall_of_blades_hangedman_alternative [nicolae_blade_tridents],
          layout_onion_city
Elf:3:    minmay_elf_hall_x, layout_geoelf_octagon, serial_shops,
          nicolae_shop_bloodbath_and_beyond, uniq_aizul
Vaults:1: nicolae_vaults_angled_halls, v_misc_18, v_misc_31,
          nicolae_vaults_what_the_h, vaults_standard_mumra_x, v_misc_25,
          hangedman_vaults_restitches, vaults_dpeg_diagonal,
          layout_vaults_omnigrid, serial_shops,
          nicolae_shop_competitors_out_of_business
Vaults:2: vaults_mumra_hexcomb, st_greater_box_3,
          vaults_mumra_minichess_inversion, ontoclasm_vaults_ring_large,
          nicolae_vaults_alarming, v_misc_9, nicolae_vaults_arrows,
          nicolae_vaults_network_barrier, ontoclasm_vaults_decontamination,
          v_misc_22, ontoclasm_vaults_ring_square, serial_ice_b,
          layout_vaults_omnibox, serial_shops, bzr_entry_lakeside
Vaults:3: minmay_crypt_entry_nasty_monster, emtedronai_trogs_sanctum,
          hangedman_vaults_stream, vaults_room_octagon,
          nicolae_vaults_little_squares_6, vaults_dpeg_ring,
          nicolae_vaults_border_crossing, ontoclasm_vaults_chip,
          nicolae_vaults_little_squares_4, v_pattern_5, v_alt_pattern_2,
          ontoclasm_vaults_hangar, layout_vaults_omnicross, serial_shops,
          nicolae_shop_stone
Vaults:4: nicolae_vaults_ring_of_whatevers, nicolae_vaults_ring_of_whatevers,
          v_misc_26, v_misc_4, st_cells, ontoclasm_vaults_claustrophobia,
          nicolae_vaults_asterisk, nicolae_vaults_yaktaur_gun_rack,
          nicolae_vaults_network_square, ontoclasm_vaults_twist,
          vaults_dpeg_hooks, hangedman_vaults_variations, layout_vaults_ring
Vaults:5
Crypt:1:  layout_misc_corridors, minmay_strange_pillars,
          grunt_crypt_arrival_guarded_gate, grunt_megastairs_3,
          lemuel_upstairs_altar, uniq_frederick, uniq_sojobo
Crypt:2:  layout_gridlike, grunt_ministairs_7, nicolae_crypt_soggy_tomb,
          uniq_khufu
Crypt:3:  church_of_pain_bobbens, layout_chaotic_city,
          tomb_entry_simple_bobbens, lemuel_statue_altar
Tomb:1
Tomb:2
Tomb:3
Depths:1: layout_gridlike, pf_hell_entry_tar_river, pan_entry, glass_columns_a,
          nicolae_lava_and_water, nicolae_shop_i_like_big_books,
          hangedman_decor_growths, minivault_22, corexii_corridor_pit,
          nemelex_altar_shiori
Depths:2: minmay_glassy_protrusions, layout_gridlike, pan_entry,
          grunt_hell_entry_dis_grunt, infiniplex_staircase_9_rooms
Depths:3: evilmike_lava_path, layout_basic, enter_ziggurat_d,
          grunt_pan_entry_in_and_out, abyss_entry, hell_entry,
          grunt_megastairs_5, uniq_josephina, uniq_saint_roka
Depths:4: evilmike_zot_entry_argh, layout_cave_shapes, hell_entry, abyss_entry
Hell
Dis:1:    layout_subdivisions
Dis:2:    layout_regular_city
Dis:3:    layout_subdivisions
Dis:4:    hangedman_dis_monolith, layout_regular_city, nicolae_dis_bowling_alley
Dis:5:    layout_jigsaw
Dis:6:    kennysheep_iron_temple, layout_subdivisions
Dis:7:    dis_grunt_layers
Geh:1:    layout_gehenna_lava_caves, nicolae_geh_single_fiery_grave
Geh:2:    layout_gehenna_pools_triple, nicolae_geh_single_fiery_grave,
          nicolae_geh_lava_lounge
Geh:3:    layout_gehenna_lava_caves
Geh:4:    layout_gehenna_pools_box
Geh:6:    layout_gehenna_pools_triple
Geh:7:    geh_grunt_pentagon
Coc:1:    layout_ice_bergs
Coc:2:    layout_cocytus_delve
Coc:3:    layout_cocytus_water_paths
Coc:4:    layout_cocytus_delve
Coc:6:    layout_cocytus_water_paths, serial_ice
Coc:7:    coc_mu
Tar:1:    layout_grid_maze
Tar:2:    hangedman_tartarus_temple_path, layout_cathedral_of_symmetry
Tar:3:    layout_grid_maze
Tar:5:    layout_grid_maze, nicolae_hells_leichenhalle
Tar:6:    layout_catacombs
Tar:7:    tar_grunt_cathedral
Zot:1:    layout_misc_corridors
Zot:2:    kennysheep_six_static_rooms, layout_misc_corridors
Zot:3:    regret_index_qazlal_generations, layout_onion, gammafunk_ghost_crypt
Zot:4:    layout_concentric_octagons, nicolae_diode_basic
Zot:5:    layout_basic

Skill      XL: |  1  2  3  4  5  6  7  8  9 10 11 12 13 14 15 16 17 18 19 20 21 22 23 24 25 26 27 |
---------------+----------------------------------------------------------------------------------+-----
Polearms       | 2 3 4 6 8 10 11 13 14 16 27 | 27.0
Fighting       | 6 9 10 12 27 | 27.0
Spellcasting   | 4 7 8 11 14 19 27 | 27.0
Conjurations   | 6 8 12 13 16 27 | 27.0
Hexes          | 3 6 |  6.0
Translocations | 3 5 |  5.4
Shields        | 7 8 27 | 27.0
Dodging        | 7 13 14 27 | 27.0
Armour         | 6 12 27 | 27.0
Earth Magic    | 11 12 15 17 20 23 25 27 | 27.0
Necromancy     | 11 15 20 | 20.0
Transmutations | 7 19 | 19.1
Fire Magic     | 27 | 27.0
Axes           | 22 | 22.0
Maces & Flails | 1 |  1.8
Staves         | 1 |  1.6
Air Magic      | 27 | 27.0
Long Blades    | 27 | 27.0
Evocations     | 27 | 27.0
Stealth        | 27 | 27.0
Throwing       | 18 | 18.0
Short Blades   | |  0.1
Unarmed Combat | |  0.3

Action                     |  1- 3 |  4- 6 |  7- 9 | 10-12 | 13-15 | 16-18 | 19-21 | 22-24 | 25-27 || total
---------------------------+-------+-------+-------+-------+-------+-------+-------+-------+-------++-------
  Melee: Unarmed           |     5 |       |       |       |       |       |       |       |       ||     5
         Spear             |    62 |       |       |       |       |       |       |       |       ||    62
         Lance             |    28 |    74 |   348 |   665 |  1440 |  1586 |  1489 |  1430 |  3187 || 10247
         Tailslap          |       |     3 |    40 |   108 |   241 |   235 |   252 |   303 |   739 ||  1921
         Punch             |       |       |     3 |     4 |       |       |       |       |       ||     7
         Broad axe         |       |       |       |       |       |       |       |       |    46 ||    46
         Staff             |       |       |       |       |       |       |       |       |    41 ||    41
  Throw: Dart              |       |       |       |    10 |     2 |       |       |       |       ||    12
   Cast: Magic Dart        |    14 |     2 |    51 |    18 |       |       |       |       |       ||    85
         Iskenderun's Myst |       |       |       |    41 |   109 |   115 |    67 |    60 |    11 ||   403
         Fulminant Prism   |       |       |       |    17 |    31 |    12 |    15 |       |       ||    75
         Iron Shot         |       |       |       |       |       |   157 |   263 |    87 |   449 ||   956
         Borgnjor's Vile C |       |       |       |       |       |       |    41 |     8 |     1 ||    50
         Shatter           |       |       |       |       |       |       |       |    71 |  1984 ||  2055
         Ignition          |       |       |       |       |       |       |       |       |   509 ||   509
         Fire Storm        |       |       |       |       |       |       |       |       |   219 ||   219
         Necromutation     |       |       |       |       |       |       |       |       |   174 ||   174
         Chain Lightning   |       |       |       |       |       |       |       |       |   160 ||   160
         Lehudib's Crystal |       |       |       |       |       |       |       |       |    34 ||    34
Ability: Evoke Damnation   |       |       |       |       |       |       |       |       |     3 ||     3
         End Transformatio |       |       |       |       |       |       |       |       |     1 ||     1
  Evoke: Wand              |       |       |       |     3 |     4 |       |     6 |       |     2 ||    15
         Phantom mirror    |       |       |       |     1 |     2 |     2 |     1 |     2 |     1 ||     9
         Figurine of a zig |       |       |       |       |       |       |       |       |     3 ||     3
    Use: Potion            |       |     2 |       |     1 |     4 |     6 |     4 |     5 |    66 ||    88
         Scroll            |       |     1 |       |    20 |     1 |    11 |     7 |     7 |    39 ||    86
   Stab: Sleeping          |     9 |     7 |     8 |     3 |    11 |     9 |     4 |     1 |    13 ||    65
         Distracted        |     1 |       |     2 |       |     2 |     1 |       |     2 |    23 ||    31
         Petrified         |       |       |       |       |     2 |       |    10 |       |       ||    12
         Petrifying        |       |       |       |       |       |       |     1 |       |       ||     1
 Armour: Robe              |    17 |    26 |    35 |       |       |       |       |       |       ||    78
         Troll leather arm |       |       |    25 |   133 |   216 |   356 |   201 |   245 |   397 ||  1573
         Quicksilver drago |       |       |       |       |       |       |       |       |   284 ||   284
         Skin              |       |       |       |       |       |       |       |       |     4 ||     4
  Dodge: Dodged            |    40 |    20 |    79 |   153 |   373 |   491 |   451 |   371 |  1103 ||  3081
  Block: Buckler           |       |       |       |    55 |   324 |   613 |   470 |   417 |   294 ||  2173
         Reflection        |       |       |       |       |    35 |    88 |    66 |    33 |       ||   222
         Tower shield      |       |       |       |       |       |       |       |       |  1970 ||  1970
         Kite shield       |       |       |       |       |       |       |       |       |    41 ||    41

Table legend: (Time is in decaauts)
 A = Elapsed time spent in this place.
 B = Non-inter-level travel time spent in this place.
 C = Inter-level travel time spent in this place.
 D = Time resting spent in this place.
 E = Time spent auto-exploring this place.
 F = Levels seen in this place.
 G = Mean time per level.
                   A        B        C        D        E       F      G
               +--------+--------+--------+--------+--------+-----+--------+
         Total |  94720 |  86759 |   7961 |   3388 |  59648 | 223 |  424.8 |
       Dungeon |  16588 |  13748 |   2840 |    336 |  10829 |  15 | 1105.9 |
        Temple |    139 |    111 |     28 |      0 |     79 |   1 |  139.0 |
          Lair |   4744 |   4095 |    649 |      0 |   3223 |   5 |  948.8 |
        Shoals |   5057 |   4886 |    171 |     70 |   3809 |   4 | 1264.2 |
     Snake Pit |   4972 |   4779 |    193 |      0 |   3871 |   4 | 1243.0 |
    Slime Pits |   1058 |    976 |     82 |     24 |    702 |   5 |  211.6 |
  Orcish Mines |   1544 |   1343 |    201 |     24 |   1043 |   2 |  772.0 |
   Elven Halls |   4343 |   4161 |    182 |     83 |   3085 |   3 | 1447.7 |
        Vaults |   7672 |   6905 |    767 |     85 |   5366 |   5 | 1534.4 |
         Crypt |   2840 |   2523 |    317 |     73 |   1901 |   3 |  946.7 |
          Tomb |   2045 |   1861 |    184 |      0 |   1368 |   3 |  681.7 |
        Depths |   7144 |   5792 |   1352 |    156 |   4587 |   4 | 1786.0 |
          Hell |    578 |    412 |    166 |      0 |    248 |   1 |  578.0 |
           Dis |   2602 |   2538 |     64 |     99 |   1897 |   7 |  371.7 |
       Gehenna |   1754 |   1634 |    120 |      0 |   1233 |   6 |  292.3 |
       Cocytus |   1899 |   1837 |     62 |     52 |   1324 |   6 |  316.5 |
      Tartarus |   1850 |   1755 |     95 |     21 |   1151 |   6 |  308.3 |
           Zot |   4726 |   4246 |    480 |     80 |   3172 |   5 |  945.2 |
         Abyss |    976 |    976 |      0 |      0 |    668 |   4 |  244.0 |
   Pandemonium |   6915 |   6915 |      0 |      0 |   4797 |  21 |  329.3 |
      Ziggurat |  13519 |  13519 |      0 |   2283 |   4180 | 108 |  125.2 |
        Bazaar |     46 |     46 |      0 |      0 |     33 |   1 |   46.0 |
         Trove |    150 |    150 |      0 |      0 |     29 |   1 |  150.0 |
         Sewer |    478 |    478 |      0 |      1 |    311 |   1 |  478.0 |
      Ice Cave |    785 |    785 |      0 |      0 |    538 |   1 |  785.0 |
       Volcano |    284 |    284 |      0 |      0 |    201 |   1 |  284.0 |
               +--------+--------+--------+--------+--------+-----+--------+

Top non-repeatable levels by time:
Depths:3: 2563 daAuts
Vaults:2: 1994 daAuts
   Elf:3: 1811 daAuts
 Snake:4: 1800 daAuts
   Elf:2: 1714 daAuts
Vaults:3: 1667 daAuts
    D:15: 1644 daAuts
Depths:2: 1635 daAuts
   Dis:7: 1619 daAuts
Vaults:1: 1563 daAuts
Depths:1: 1544 daAuts
    D:11: 1508 daAuts
    D:14: 1493 daAuts
     D:5: 1443 daAuts
Shoals:1: 1404 daAuts
